 Dungeon Crawl Stone Soup version 0.30-a0-141-g30f27751c5 (webtiles) character file.

Game seed: 11320181070244241965

530784 qw the Slayer (level 25, 0/199 HPs)
             Began as a Gargoyle Fighter on Sept 25, 2022.
             Was a High Priest of Okawaru.
             Killed from afar by a white draconian (21 damage)
             ... with a blast of cold
             ... on level 4 of the Realm of Zot.
             The game lasted 00:31:10 (58628 turns).

qw the Slayer (Gargoyle Fighter)                   Turns: 58628, Time: 00:31:10

Health: 0/199      AC: 68    Str: 26    XL:     25   Next: 63%
Magic:  30/30      EV: 14    Int:  8    God:    Okawaru [*****.]
Gold:   3127       SH: 31    Dex: 11    Spells: 24/24 levels left

rFire   + + +      SeeInvis +    y - +8 mithril axe "Arga" {speed, Will+}
rCold   . . .      Faith    .    E - +2 tower shield {AC+3}
rNeg    + . .      Spirit   .    C - +14 chain mail of Jigsaw {Dex+2}
rPois   inf        Reflect  +    O - +0 helmet {SInv}
rElec   +          Harm     .    v - +2 cloak
rCorr   .          Rampage  .    e - +2 pair of gloves
Will    +++..                    b - +2 pair of boots
Stlth   +.........               w - amulet of reflection
HPRegen 0.43/turn                h - ring of Qoskog {rElec rF+++ Will+ Int-5 Stlth+}
MPRegen 0.22/turn                B - +4 ring of slaying {mikee}

@: about to teleport, heroic, flying
A: sickness immunity, AC +19, big wings, negative energy resistance 1,
electricity resistance, torment resistance 1, petrification resistance, talons
1, robust 1, weak 1
}: 3/15 runes: serpentine, barnacled, silver
a: Renounce Religion, Heroism, Finesse, Duel


You were on level 4 of the Realm of Zot.
You worshipped Okawaru.
Okawaru was extremely pleased with you.
You visited 8 branches of the dungeon, and saw 43 of its levels.
You visited 1 bazaar.

You collected 7594 gold pieces.
You spent 4467 gold pieces at shops.


Innate Abilities, Weirdness & Mutations

You are immune to sickness and miasma.
Your stone body is resilient. (AC +19)
You are immune to poison.
Your large and strong wings let you fly.
You resist negative energy. (rN+)
You are resistant to electric shocks. (rElec)
You are resistant to unholy torment.
You are immune to petrification.
You have sharp toenails.
You are robust. (+10% HP)
You are weak. (Str -2)


   Skills:
 - Level 25.0(27) Fighting
 - Level 18.0(23.0) Axes
 + Level 14.0(19.0) Throwing
 - Level 22.0(27) Armour
 - Level 9.0(14.0) Dodging
 - Level 22.0(27) Shields
 - Level 10.0 Invocations


You had 24 spell levels left.
You didn't know any spells.
Your spell library was empty.

Inventory:

Hand Weapons
 y - the +8 mithril axe "Arga" (weapon) {speed, Will+}
   (You found it on level 5 of the Lair of Beasts)

   Attacks with this weapon are significantly faster.
   Will:      It increases your willpower.
Missiles
 f - 6 boomerangs of dispersal
 k - 15 silver javelins (quivered)
 r - 22 javelins
 s - 61 boomerangs
 H - 4 silver boomerangs
Armour
 b - a +2 pair of boots (worn)
 c - the +1 helmet "Ixtyptumn" {rC+++ rCorr Slay-4 Stlth+}
   (You bought it in a shop on level 3 of the Snake Pit)

   Slay:      It affects your accuracy & damage with ranged weapons and melee
   (-4).
   rC:        It renders you almost immune to cold.
   rCorr:     It protects you from acid and corrosion.
   Stlth:     It makes you more stealthy.
 e - a +2 pair of gloves (worn)
 v - a +2 cloak (worn)
 A - the +3 ring mail of the Past {rC++ rN+ rCorr Str-2}
   (You found it on level 2 of the Vaults)

   Str:       It affects your strength (-2).
   rC:        It greatly protects you from cold.
   rN:        It protects you from negative energy.
   rCorr:     It protects you from acid and corrosion.
 C - the +14 chain mail of Jigsaw (worn) {Dex+2}
   (You found it on level 12 of the Dungeon)

   Dex:       It affects your dexterity (+2).
 D - the +1 pair of boots of Winter {Harm rC+ Will+ Str-4 Int+2}
   (Okawaru gifted it to you on level 2 of the Realm of Zot)

   Str:       It affects your strength (-4).
   Int:       It affects your intelligence (+2).
   rC:        It protects you from cold.
   Harm:      It increases damage dealt and taken.
   Will:      It increases your willpower.
 E - a +2 tower shield of protection (worn)
 I - +0 gold dragon scales
 M - a +2 helmet of intelligence
 O - a +0 helmet of see invisible (worn)
Jewellery
 h - the ring of Qoskog (left hand) {rElec rF+++ Will+ Int-5 Stlth+}
   (You bought it in a shop in a bazaar)

   [ring of willpower]

   Int:       It affects your intelligence (-5).
   rF:        It renders you almost immune to fire.
   rElec:     It insulates you from electricity.
   Will:      It increases your willpower.
   Stlth:     It makes you more stealthy.
 n - the ring "Tiosmaub" {Fly rC+ rN+++ rCorr Int-5}
   (You found it on level 1 of the Vaults)

   [ring of protection from cold]

   Int:       It affects your intelligence (-5).
   rC:        It protects you from cold.
   rN:        It renders you almost immune to negative energy.
   Fly:       It grants you flight.
   rCorr:     It protects you from acid and corrosion.
 w - an amulet of reflection (around neck)
 B - a +4 ring of slaying (right hand) {mikee}
 G - a ring of protection from fire
 J - a ring of protection from cold
 K - a ring of resist corrosion
 Y - a +4 ring of evasion
Scrolls
 a - 9 scrolls of identify
 g - 15 scrolls of teleportation
 o - 12 scrolls of enchant weapon
 q - 2 scrolls of brand weapon
Potions
 d - 5 potions of might
 i - 11 potions of lignification
 j - 26 potions of curing
 l - 7 potions of magic
 m - 6 potions of mutation
 t - 6 potions of resistance
 u - 9 potions of attraction
 x - 7 potions of haste
 z - 2 potions of cancellation

Dungeon Overview and Level Annotations

Branches:
Dungeon (15/15)            Temple (0/1) D:7            Lair (5/5) D:8
 Shoals (4/4) Lair:3        Snake (4/4) Lair:2        Slime (0/5) Lair:5
    Orc (2/2) D:12            Elf (0/3) Orc:2        Vaults (5/5) D:13
  Crypt (0/3) Vaults:2     Depths (4/4) D:15            Zot (4/5) Depths:4

Altars:
Cheibriados
Dithmenos
Gozag
Hepliaklqana
Kikubaaqudgha
Makhleb
Nemelex Xobeh
Okawaru
Uskayaw
Xom
Zin
Lugonu

Shops:
D:2 [   Orc:2 [?*[   Snake:3 !![[   Snake:4 ?:=   Vaults:2 *   Vaults:4 *

Portals:
Hell: Depths:1 Depths:2 Depths:3 Depths:4
Abyss: Depths:1 Depths:3
Pandemonium: Depths:1 Depths:2 Depths:3 Depths:4
Ziggurat: Depths:4
Trove: D:13 (give 16 potions of curing)

Annotations:
D:10 1 runed translucent door, qw's ghost, journeyman GrFi
D:11 2 runed translucent doors
Lair:2 2 transporters, qw's ghost, journeyman GrFi
Shoals:3 1 runed translucent door, Amuaxidi's ghost, adept FoCK
Orc:2 3 runed translucent doors, Necsenou's ghost, journeyman GnWn
Vaults:2 2 transporters
Depths:1 2 transporters, Qiwept's ghost, veteran BaIE
Depths:2 1 runed translucent door
Zot:2 3 runed translucent doors, Cyqimiab's ghost, legendary MfGl
Zot:3 3 runed translucent doors, Jofris Vesimp's ghost, legendary GnFE


Message History

The red draconian convulses!
The white draconian convulses! x2
The purple draconian convulses!
The black draconian knight convulses!
The golden dragon convulses!
Your body is wracked with pain!
You slash the golden dragon!
The golden dragon is almost dead.
You slash the deathcap! You slice the deathcap!!
You slash the wandering mushroom! The golden dragon breathes cold at you.
The bolt of cold misses you.
The bolt of cold hits the deathcap!!
The deathcap resists.
The deathcap is destroyed!
The deathcap disappears in a puff of smoke!
The deathcap is engulfed in blazing flames.
You block the deathcap's attack. You block the white draconian's attack.
You block the wandering mushroom's attack.
You barely miss the golden dragon.
The golden dragon is almost dead.
You slash the deathcap!
You destroy the deathcap!
The deathcap disappears in a puff of smoke!
You slash the wandering mushroom!
You destroy the wandering mushroom!
The wandering mushroom disappears in a puff of smoke!
The black draconian knight breathes lightning at you.
The bolt of lightning misses you.
A moth of wrath comes into view.
You completely miss the golden dragon.
The golden dragon is almost dead.
The white draconian is no longer berserk.
You block the white draconian's attack.
You block the golden dragon's attack. x3
You slash the golden dragon!
The golden dragon is almost dead.
You barely miss the golden dragon.
The golden dragon is almost dead.
The golden dragon closely misses you.
You block the golden dragon's attack. x2
The red draconian breathes fire at you. The searing blast misses you.
The white draconian breathes frost at you.
The blast of cold hits you!!
You die...

.....#..# .........#
.........# .........#
.........## #...
..........###..#
....¤......##..##
.......0¤...#...### .q
.......@¤.q.......##..
......D..dd...q.......
..y......d.dz0).......
.............%()..¤[..
........$.....)[...q..
.................¤...(
...............####..[#.
..........###..# .... ..
#..## #...


You could see a black draconian knight (fast, invisible, catching breath), a
golden dragon (catching breath), a purple draconian (berserk), a red draconian,
2 draconians, a curse toe, a white draconian stormcaller and a moth of wrath.

Vanquished Creatures
  A dread lich (Vaults:5)
  An ancient lich (Vaults:5)
  A juggernaut (Depths:3)
  Josephina (Zot:3)
  4 caustic shrikes (Depths:4)
  11 golden dragons
  2 electric golems
  A walking crystal tome (Depths:3)
  13 tentacled monstrosities
  Mlioglotl (Shoals:3)
  Rupert (Orc:2)
  2 liches
  10 quicksilver dragons
  5 titans (Vaults:5)
  A kraken (Shoals:2)
  4 death cobs
  8 sphinxes
  7 tengu reavers
  Kirke (D:15)
  10 shadow dragons
  13 draconian monks
  Donald (Orc:2)
  Roxanne (D:15)
  12 storm dragons
  A revenant (Vaults:2)
  7 fire giants
  7 draconian knights
  Louise (D:15)
  8 nagarajas
  A ghost moth (Zot:3)
  11 frost giants
  15 vault wardens
  A cacodemon (Depths:4)
  3 iron dragons
  Aizul (Snake:1)
  8 draconian shifters
  7 draconian stormcallers
  A curse skull (Vaults:2)
  5 draconian scorchers
  17 ironbound preservers
  17 stone giants
  5 war gargoyles
  33 very ugly things
  7 draconian annihilators
  9 green draconians
  5 ironbound thunderhulks
  Nessos (D:12)
  2 vampire knights (Depths:3)
  3 deep elf demonologists
  7 black draconians
  9 red draconians
  12 purple draconians
  17 white draconians
  A dire elephant (shapeshifter) (Vaults:5)
  Azrael (D:12)
  5 dire elephants
  18 yellow draconians
  An eidolon (Vaults:2)
  4 spark wasps (Depths:4)
  10 merfolk impalers
  A blizzard demon (Depths:3)
  12 ettins
  11 yaktaur captains
  Snorg (Orc:2)
  2 jiangshi (Depths:3)
  3 entropy weavers
  4 merfolk javelineers (Shoals:4)
  A crystal guardian (Vaults:2)
  8 great orbs of eyes
  4 fire dragons
  A rakshasa (Depths:3)
  3 deep elf high priests
  Fannar (Lair:3)
  3 peacekeepers
  38 vault guards
  An ice dragon (shapeshifter) (Vaults:5)
  5 ice dragons
  6 hydras
  2 hell beasts
  3 salamander tyrants
  5 merfolk avatars
  2 spriggan air magi (Depths:4)
  2 ogre magi
  32 centaur warriors
  3 anacondas (Snake:4)
  16 ironbound frosthearts
  5 merfolk aquamancers
  7 two-headed ogres
  3 boulder beetles
  6 satyrs
  3 catoblepae
  6 tengu warriors
  10 death yaks (Lair:5)
  A hell hog (Depths:2)
  12 naga warriors
  An orc high priest (Orc:2)
  8 deep troll earth magi
  5 deep troll shamans
  3 vampire magi
  13 naga sharpshooters
  A spriggan berserker (Depths:4)
  A hell knight (Vaults:5)
  A soul eater (Depths:4)
  7 sun demons
  7 salamander mystics
  7 shock serpents
  Urug (Lair:5)
  9 iron trolls
  16 sea snakes
  A shadow wraith (Vaults:4)
  4 skeletal warriors (D:13)
  A shadow demon (Depths:1)
  57 deep trolls
  A glowing orange brain (Depths:2)
  2 sixfirhies (Depths:3)
  A deep elf archer (D:15)
  2 flayed ghosts
  3 naga ritualists
  21 harpies
  A swamp dragon (shapeshifter) (Depths:3)
  6 wizards
  3 necromancers
  5 orc knights
  7 phantasmal warriors
  2 lindwurms (Vaults:2)
  A spriggan simulacrum (Snake:1)
  23 ironbound convokers
  A deep elf zephyrmancer (D:15)
  Pikel (D:4)
  3 mana vipers
  48 ugly things
  A wolf spider zombie (D:15)
  5 deep elf pyromancers
  17 salamanders
  5 orc sorcerers
  A salamander (shapeshifter) (Vaults:5)
  14 manticores
  21 fauns
  A tengu skeleton (Depths:3)
  33 moths of wrath
  9 cyclopes
  3 merfolk sirens
  A shining eye (Depths:2)
  A fire giant skeleton (Depths:3)
  8 elephants
  21 black mambas
  5 guardian serpents (Snake:4)
  2 rust devils
  24 vault sentinels
  14 naga magi
  A torpor snail (shapeshifter) (Vaults:5)
  8 water nymphs
  2 smoke demons
  2 orange demons
  10 cane toads
  3 storm dragon simulacra (Zot:3)
  An efreet (D:15)
  23 yaktaurs
  A kobold demonologist (D:9)
  A rime drake (Lair:5)
  A tormentor (Depths:1)
  An unseen horror (D:11)
  An anaconda simulacrum (Snake:1)
  A freezing wraith (Vaults:5)
  7 komodo dragons
  3 tengu conjurers
  5 ice devils
  2 red devils
  2 hellwings (Depths:4)
  26 merfolk
  7 trolls
  10 wind drakes
  7 hornets
  3 polar bears
  32 slime creatures
  A wind drake (shapeshifter) (D:15)
  12 dream sheep
  6 snapping turtles
  A dream sheep (shapeshifter) (Vaults:5)
  A spriggan (shapeshifter) (Vaults:5)
  3 shadows
  3 wraiths
  A dire elephant simulacrum (Snake:1)
  A ynoxinul (Depths:3)
  A fire elemental (D:12)
  A centaur simulacrum (D:15)
  6 wyverns
  5 hogs (D:15)
  13 water elementals
  28 yaks
  2 humans (D:15)
  A golden eye (shapeshifter) (Vaults:5)
  2 vampire mosquitoes (D:14)
  4 steam dragons (D:9)
  4 basilisks
  A neqoxec (Depths:3)
  2 minotaur simulacra (Snake:1)
  A green draconian simulacrum (Zot:3)
  43 nagas
  8 redbacks
  3 wargs
  An acid dragon (D:12)
  4 hell hounds
  A floating eye (Depths:1)
  10 water moccasins
  A glowing shapeshifter skeleton (Depths:3)
  Duvessa (D:7)
  32 orc warriors
  2 black bears
  A meliai simulacrum (D:15)
  2 sky beasts
  6 ogres
  An ice beast (D:8)
  A boggart (Vaults:1)
  A centaur (shapeshifter) (Vaults:5)
  10 centaurs
  16 wolves
  5 phantoms
  5 bullfrogs
  2 gnoll sergeants
  4 kobold brigands
  2 deep troll simulacra (Snake:1)
  2 scorpions
  12 wights
  Dowan (D:7)
  6 killer bees (D:10)
  A lindwurm simulacrum (Snake:1)
  5 howler monkeys
  8 electric eels
  3 hounds
  An iron imp (D:3)
  7 jellies
  A gnoll bouda (D:9)
  29 orc priests
  An iguana (D:4)
  40 orc wizards
  A boggart skeleton (D:15)
  10 gnolls
  6 adders
  2 shadow imps
  A white imp (D:8)
  An ufetubus (D:4)
  A worm (D:5)
  2 dart slugs (D:3)
  83 orcs
  3 endoplasms
  3 giant cockroaches
  7 goblins
  3 hobgoblins (D:1)
  3 jackals (D:1)
  4 quokkas
  14 ball pythons
  4 bats
  2 frilled lizards
  20 kobolds
  8 rats
  A plant (Lair:5)
  2 tentacles (Shoals:2)
1776 creatures vanquished.

Vanquished Creatures (others)
  A draconian knight (Zot:2)
  A sea snake (Snake:4)
  A merfolk siren (Shoals:4)
  A water nymph (Shoals:4)
  2 merfolk (Shoals:4)
  A snapping turtle (Shoals:4)
  A warg (Vaults:5)
  2 orc wizards (Orc:2)
  8 fungi
  141 plants
  4 tentacles (Shoals:2)
163 creatures vanquished.

Grand Total: 1939 creatures vanquished

Notes
Turn   | Place    | Note
-------+----------+-------------------------------------------
     0 | D:1      | qw the Gargoyle Fighter began the quest for the Orb.
     0 | D:1      | Reached XP level 1. HP: 14/14 MP: 1/1
     0 | D:1      | 0 ||| qw: Version: 0.2-a-10-g399e6c4
     0 | D:1      | 0 ||| qw: Game counter: 144
     0 | D:1      | 0 ||| qw: Always use a shield: true
     0 | D:1      | 0 ||| qw: God list: Okawaru
     0 | D:1      | 0 ||| qw: Allow faded altars: false
     0 | D:1      | 0 ||| qw: Do Orc after D:15 true
     0 | D:1      | 0 ||| qw: Do second Lair branch before Depths: true
     0 | D:1      | 0 ||| qw: Lair rune preference: random
     0 | D:1      | 0 ||| qw: Plans: Normal, Zot:1-4, God:TSO, Crypt, Tomb,
                  | Pan, Slime:5, Hells, Abyss, Orb
     0 | D:1      | 0 ||| PLANNING D:1-11
   153 | D:1      | 153 ||| Stepping ~*~*~tactically~*~*~ (stealth).
   154 | D:1      | 154 ||| Stepping ~*~*~tactically~*~*~ (stealth).
   231 | D:1      | Reached XP level 2. HP: 18/19 MP: 2/2
   333 | D:1      | 333 ||| Stepping ~*~*~tactically~*~*~ (stealth).
   347 | D:1      | 347 ||| Stepping ~*~*~tactically~*~*~ (stealth).
   350 | D:1      | 350 ||| Stepping ~*~*~tactically~*~*~ (stealth).
   364 | D:1      | 364 ||| Stepping ~*~*~tactically~*~*~ (stealth).
   374 | D:1      | Reached skill level 3 in Axes
   553 | D:1      | Reached XP level 3. HP: 20/23 MP: 3/3
   726 | D:1      | 726 ||| Stepping ~*~*~tactically~*~*~ (stealth).
   744 | D:1      | 744 ||| Stepping ~*~*~tactically~*~*~ (stealth).
   915 | D:1      | 915 ||| UPGRADING to +0 helmet.
   920 | D:1      | 920 ||| DROPPING +2 hat.
   921 | D:1      | 921 ||| READING scroll labelled IGGUB SE ZAIRGH.
   922 | D:1      | 922 ||| READING scroll labelled ICLIDO RAPLOU.
   923 | D:1      | 923 ||| READING scroll labelled RUEKOU ZUEVVA.
   928 | D:1      | 928 ||| READING scroll labelled PIGISE FUSASCH.
   929 | D:1      | 929 ||| READING scroll labelled WEFIGI ANOSU.
   934 | D:2      | Found Zeps's Antique Armour Emporium.
   937 | D:2      | 937 ||| Stepping ~*~*~tactically~*~*~ (stealth).
   952 | D:2      | 952 ||| SHOPLISTING shiny helmet (202 gold, have 12).
   952 | D:2      | 952 ||| SHOPLISTING warped ring mail (243 gold, have 12).
  1406 | D:2      | Reached XP level 4. HP: 21/28 MP: 4/4
  1498 | D:2      | Found a faded altar of an unknown god.
  1818 | D:2      | 1818 ||| UPGRADING to +1 pair of gloves.
  1823 | D:2      | 1823 ||| UPGRADING to +0 pair of boots.
  1828 | D:2      | 1828 ||| DRINKING 2 pink potions.
  1829 | D:2      | 1829 ||| READING 2 scrolls of identify.
  1829 | D:2      | 1829 ||| IDENTIFYING glowing orange potion
  1830 | D:2      | 1830 ||| DROPPING potion of invisibility.
  1867 | D:3      | Found an iron altar of Okawaru.
  1869 | D:3      | 1869 ||| PLANNING OKAWARU WORSHIP
  1869 | D:3      | 1869 ||| DROPPING ring of wizardry.
  1871 | D:3      | 1871 ||| FLEEEEING.
  1872 | D:3      | 1872 ||| FLEEEEING.
  1873 | D:3      | 1873 ||| FLEEEEING.
  1874 | D:3      | 1874 ||| FLEEEEING.
  1877 | D:3      | 1877 ||| FLEEEEING.
  1878 | D:3      | 1878 ||| STAIRDANCE
  1886 | D:3      | 1886 ||| STAIRDANCE
  1925 | D:3      | Became a worshipper of Warmaster Okawaru
  1926 | D:3      | 1926 ||| PLANNING D:1-11
  1942 | D:3      | Identified the +1 ring mail of Ariwirat {rElec}
  1996 | D:3      | Found a snail-covered altar of Cheibriados.
  2172 | D:3      | 2172 ||| Stepping ~*~*~tactically~*~*~ (hiding).
  2173 | D:3      | 2173 ||| Stepping ~*~*~tactically~*~*~ (hiding).
  2350 | D:3      | 2350 ||| Stepping ~*~*~tactically~*~*~ (stealth).
  2402 | D:3      | Identified the +1 leather armour "Okoqifariu" {Int+6 Dex+4}
  2481 | D:3      | 2481 ||| Stepping ~*~*~tactically~*~*~ (hiding).
  2488 | D:3      | Reached XP level 5. HP: 32/32 MP: 5/5
  2591 | D:3      | 2591 ||| READING scroll of enchant weapon.
  2591 | D:3      | 2591 ||| ENCHANTING +1 war axe.
  2617 | D:3      | 2617 ||| Stepping ~*~*~tactically~*~*~ (stealth).
  2748 | D:3      | 2748 ||| DROPPING +1 ring mail of Ariwirat {rElec}.
  2749 | D:3      | 2749 ||| DROPPING +1 leather armour "Okoqifariu" {Int+6
                  | Dex+4}.
  2750 | D:3      | 2750 ||| READING scroll labelled KEHOEF KOE.
  2751 | D:3      | 2751 ||| READING scroll labelled UNWEMP YPTETOA.
  2804 | D:3      | 2804 ||| READING scroll labelled BEIFRUCLYLAO.
  2805 | D:3      | 2805 ||| READING scroll labelled RUIZXE DAL.
  2836 | D:4      | 2836 ||| Stepping ~*~*~tactically~*~*~ (stealth).
  2843 | D:4      | 2843 ||| DROPPING +0 whip.
  2922 | D:4      | Reached skill level 1 in Throwing
  3002 | D:4      | Found a burning altar of Makhleb.
  3006 | D:4      | Found an opulent altar of Gozag.
  3031 | D:4      | 3031 ||| Stepping ~*~*~tactically~*~*~ (stealth).
  3036 | D:4      | Noticed a black bear
  3036 | D:4      | Noticed Pikel
  3039 | D:4      | Noticed a lemure
  3040 | D:4      | 3040 ||| Stepping ~*~*~tactically~*~*~ (stealth).
  3041 | D:4      | 3041 ||| Stepping ~*~*~tactically~*~*~ (stealth).
  3041 | D:4      | Noticed a lemure
  3042 | D:4      | Noticed a lemure
  3043 | D:4      | Killed a black bear
  3043 | D:4      | Reached * piety under Okawaru
  3044 | D:4      | Reached skill level 4 in Fighting
  3044 | D:4      | Reached XP level 6. HP: 34/39 MP: 6/6
  3044 | D:4      | 3044 ||| INVOKING Heroism.
  3050 | D:4      | Killed Pikel
  3050 | D:4      | Reached ** piety under Okawaru
  3051 | D:4      | Reached skill level 3 in Invocations
  3051 | D:4      | Reached XP level 7. HP: 13/44 MP: 4/9
  3330 | D:4      | 3330 ||| READING scroll of enchant weapon.
  3330 | D:4      | 3330 ||| ENCHANTING +2 spectral war axe.
  3710 | D:4      | 3710 ||| READING scroll labelled YRUIRI HOBIE.
  3711 | D:4      | 3711 ||| READING scroll labelled KIKKIGOXKUGE.
  3746 | D:5      | Entered Level 5 of the Dungeon
  3747 | D:5      | 3747 ||| INVOKING Heroism.
  3749 | D:5      | 3749 ||| STAIRDANCE
  3765 | D:5      | 3765 ||| INVOKING Heroism.
  3767 | D:5      | Reached XP level 8. HP: 48/48 MP: 8/11
  3768 | D:5      | 3768 ||| Stepping ~*~*~tactically~*~*~ (stealth).
  3877 | D:5      | 3877 ||| FLEEEEING.
  4006 | D:5      | Reached skill level 6 in Axes
  4124 | D:5      | Reached *** piety under Okawaru
  4484 | D:5      | 4484 ||| Stepping ~*~*~tactically~*~*~ (hiding).
  4489 | D:5      | 4489 ||| INVOKING Heroism.
  4524 | D:5      | 4524 ||| READING scroll labelled MEITEA ROKHIF.
  4525 | D:5      | 4525 ||| DRINKING 2 yellow potions.
  4526 | D:5      | 4526 ||| DRINKING 3 bubbling black potions.
  4527 | D:5      | 4527 ||| DRINKING 2 fizzy green potions.
  4527 | D:5      | Gained mutation: You have sharp toenails. [potion of
                  | mutation]
  4527 | D:5      | Gained mutation: You are weak. (Str -2) [potion of
                  | mutation]
  4527 | D:5      | Gained mutation: You are robust. (+10% HP) [potion of
                  | mutation]
  4548 | D:5      | 4548 ||| DRINKING 2 murky coppery potions.
  4549 | D:5      | 4549 ||| DROPPING potion of brilliance.
  4550 | D:5      | 4550 ||| DROPPING potion of flight.
  4572 | D:6      | 4572 ||| INVOKING Heroism.
  4573 | D:6      | 4573 ||| STAIRDANCE
  4577 | D:5      | Reached skill level 5 in Fighting
  4605 | D:6      | 4605 ||| INVOKING Heroism.
  4704 | D:6      | 4704 ||| INVOKING Heroism.
  4776 | D:6      | 4776 ||| INVOKING Heroism.
  4819 | D:6      | Found an ancient bone altar of Kikubaaqudgha.
  4844 | D:6      | 4844 ||| INVOKING Heroism.
  4957 | D:6      | Reached XP level 9. HP: 60/60 MP: 12/12
  4964 | D:6      | Found a hazy altar of Hepliaklqana.
  4966 | D:6      | Found a shadowy altar of Dithmenos.
  5095 | D:6      | 5095 ||| UPGRADING to +0 chain mail.
  5105 | D:6      | 5105 ||| DROPPING +0 scale mail.
  5106 | D:6      | 5106 ||| READING scroll labelled QEPYWNEHAPS.
  5107 | D:6      | 5107 ||| DRINKING 2 blue potions.
  5156 | D:7      | 5156 ||| INVOKING Heroism.
  5174 | D:7      | Noticed Duvessa
  5174 | D:7      | Noticed Dowan
  5175 | D:7      | 5175 ||| Stepping ~*~*~tactically~*~*~ (hiding).
  5178 | D:7      | 5178 ||| INVOKING Heroism.
  5185 | D:7      | Killed Duvessa
  5189 | D:7      | Killed Dowan
  5190 | D:7      | Reached skill level 6 in Fighting
  5327 | D:7      | Found a staircase to the Ecumenical Temple.
  5421 | D:7      | 5421 ||| Stepping ~*~*~tactically~*~*~ (hiding).
  5758 | D:7      | 5758 ||| Stepping ~*~*~tactically~*~*~ (stealth).
  5767 | D:7      | 5767 ||| Stepping ~*~*~tactically~*~*~ (stealth).
  5777 | D:7      | Reached skill level 9 in Axes
  5784 | D:7      | Reached **** piety under Okawaru
  5867 | D:7      | 5867 ||| INVOKING Heroism.
  5930 | D:7      | 5930 ||| UPGRADING to +1 pair of boots.
  5940 | D:7      | 5940 ||| DROPPING +0 pair of boots.
  5941 | D:7      | 5941 ||| READING 2 scrolls of identify.
  5941 | D:7      | 5941 ||| IDENTIFYING purple potion
  5942 | D:7      | 5942 ||| DROPPING potion of degeneration.
  5999 | D:8      | 5999 ||| INVOKING Heroism.
  6035 | D:8      | 6035 ||| Stepping ~*~*~tactically~*~*~ (hiding).
  6036 | D:8      | 6036 ||| Stepping ~*~*~tactically~*~*~ (hiding).
  6037 | D:8      | 6037 ||| Stepping ~*~*~tactically~*~*~ (hiding).
  6038 | D:8      | 6038 ||| Stepping ~*~*~tactically~*~*~ (hiding).
  6041 | D:8      | 6041 ||| INVOKING Heroism.
  6177 | D:8      | 6177 ||| Stepping ~*~*~tactically~*~*~ (stealth).
  6178 | D:8      | 6178 ||| Stepping ~*~*~tactically~*~*~ (stealth).
  6179 | D:8      | 6179 ||| Stepping ~*~*~tactically~*~*~ (stealth).
  6188 | D:8      | 6188 ||| DRINKING 3 potions of curing.
  6188 | D:8      | 6188 ||| (to cure confusion)
  6190 | D:8      | 6190 ||| INVOKING Heroism.
  6262 | D:8      | Reached skill level 7 in Fighting
  6264 | D:8      | Found a staircase to the Lair.
  6320 | D:8      | 6320 ||| INVOKING Heroism.
  6369 | D:8      | Identified the +1 chain mail "Luer" {Dex+4}
  6379 | D:8      | Found a glowing silver altar of Zin.
  6513 | D:8      | 6513 ||| INVOKING Heroism.
  6516 | D:8      | Received a gift from Okawaru
  6517 | D:8      | Reached XP level 10. HP: 69/69 MP: 11/14
  6545 | D:8      | 6545 ||| PLANNING LAIR
  6545 | D:8      | 6545 ||| UPGRADING to +0 plate armour.
  6555 | D:8      | 6555 ||| DROPPING +1 chain mail "Luer" {Dex+4}.
  6556 | D:8      | 6556 ||| DROPPING +0 chain mail.
  6557 | D:8      | 6557 ||| READING 2 scrolls of identify.
  6557 | D:8      | 6557 ||| IDENTIFYING smoky red potion
  6584 | Lair:1   | Entered Level 1 of the Lair of Beasts
  6607 | Lair:1   | 6607 ||| Stepping ~*~*~tactically~*~*~ (stealth).
  6610 | Lair:1   | 6610 ||| Stepping ~*~*~tactically~*~*~ (stealth).
  6611 | Lair:1   | 6611 ||| Stepping ~*~*~tactically~*~*~ (stealth).
  6613 | Lair:1   | 6613 ||| INVOKING Heroism.
  6615 | Lair:1   | Reached skill level 6 in Invocations
  6630 | Lair:1   | 6630 ||| INVOKING Heroism.
  6640 | Lair:1   | Noticed a cane toad
  6641 | Lair:1   | Reached skill level 6 in Armour
  6649 | Lair:1   | 6649 ||| INVOKING Heroism.
  6656 | Lair:1   | HP: 9/69 [komodo dragon (15)]
  6657 | Lair:1   | 6657 ||| READING 5 scrolls of teleportation.
  6658 | Lair:1   | 6658 ||| DRINKING potion of heal wounds.
  6694 | Lair:1   | 6694 ||| INVOKING Heroism.
  6700 | Lair:1   | Killed a cane toad
  6828 | Lair:1   | 6828 ||| Stepping ~*~*~tactically~*~*~ (stealth).
  6830 | Lair:1   | 6830 ||| INVOKING Heroism.
  6837 | Lair:1   | Received a gift from Okawaru
  7120 | Lair:1   | Noticed a cane toad
  7121 | Lair:1   | 7121 ||| INVOKING Heroism.
  7126 | Lair:1   | Killed a cane toad
  7476 | Lair:1   | 7476 ||| READING 2 scrolls of identify.
  7476 | Lair:1   | 7476 ||| IDENTIFYING coppery potion
  7501 | Lair:2   | 7501 ||| INVOKING Heroism.
  7558 | Lair:2   | Reached ***** piety under Okawaru
  7609 | Lair:2   | Found a transporter.
  7614 | Lair:2   | Found a staircase to the Snake Pit.
  7623 | Lair:2   | 7623 ||| FLEEEEING.
  7624 | Lair:2   | 7624 ||| FLEEEEING.
  7625 | Lair:2   | 7625 ||| FLEEEEING.
  7626 | Lair:2   | 7626 ||| FLEEEEING.
  7627 | Lair:2   | 7627 ||| FLEEEEING.
  7628 | Lair:2   | 7628 ||| FLEEEEING.
  7629 | Lair:2   | 7629 ||| FLEEEEING.
  7629 | Lair:2   | Noticed qw's ghost (journeyman GrFi)
  7630 | Lair:2   | 7630 ||| FLEEEEING.
  7630 | Lair:2   | Noticed a black mamba
  7630 | Lair:2   | Noticed a sixfirhy
  7631 | Lair:2   | 7631 ||| INVOKING Heroism.
  7631 | Lair:2   | Noticed a cane toad
  7632 | Lair:2   | Noticed a hell hog
  7632 | Lair:2   | Noticed a cane toad
  7635 | Lair:2   | Killed a black mamba
  7635 | Lair:2   | Noticed a thrashing horror
  7636 | Lair:2   | Reached skill level 9 in Invocations
  7636 | Lair:2   | Reached XP level 11. HP: 72/73 MP: 14/17
  7636 | Lair:2   | Noticed a purple ugly thing
  7649 | Lair:2   | Noticed a sixfirhy
  7867 | Lair:2   | 7867 ||| READING 2 scrolls of enchant weapon.
  7867 | Lair:2   | 7867 ||| ENCHANTING +3 spectral war axe.
  7868 | Lair:2   | 7868 ||| READING scroll of enchant weapon.
  7868 | Lair:2   | 7868 ||| ENCHANTING +4 spectral war axe.
  7925 | Lair:2   | 7925 ||| DROPPING +2 flail of draining.
  7970 | Lair:2   | Found a transporter.
  8142 | Lair:2   | 8142 ||| DROPPING +0 war axe of venom.
  8234 | Lair:2   | 8234 ||| UPGRADING to +0 cloak.
  8239 | Lair:2   | 8239 ||| READING 2 scrolls labelled ACOHIL LAEG.
  8240 | Lair:2   | 8240 ||| READING scroll labelled FOUCVO MUDA.
  8241 | Lair:2   | 8241 ||| DROPPING scroll of noise.
  8335 | Lair:3   | 8335 ||| INVOKING Heroism.
  8465 | Lair:3   | 8465 ||| INVOKING Heroism.
  8468 | Lair:3   | 8468 ||| Stepping ~*~*~tactically~*~*~ (stealth).
  8471 | Lair:3   | Received a gift from Okawaru
  8517 | Lair:3   | 8517 ||| INVOKING Heroism.
  8544 | Lair:3   | Noticed a seven-headed hydra
  8545 | Lair:3   | 8545 ||| INVOKING Finesse.
  8549 | Lair:3   | 8549 ||| SWAPPING to +0 morningstar.
  8557 | Lair:3   | Killed a seven-headed hydra
  8558 | Lair:3   | Reached skill level 8 in Fighting
  8558 | Lair:3   | 8558 ||| SWAPPING to +5 spectral war axe.
  8681 | Lair:3   | 8681 ||| Stepping ~*~*~tactically~*~*~ (stealth).
  8683 | Lair:3   | 8683 ||| Stepping ~*~*~tactically~*~*~ (stealth).
  8686 | Lair:3   | 8686 ||| INVOKING Heroism.
  8727 | Lair:3   | 8727 ||| INVOKING Heroism.
  8730 | Lair:3   | Noticed Fannar
  8731 | Lair:3   | 8731 ||| Stepping ~*~*~tactically~*~*~ (hiding).
  8756 | Lair:3   | Killed Fannar
  8849 | Lair:3   | Found a staircase to the Shoals.
  8882 | Lair:3   | 8882 ||| INVOKING Heroism.
  8894 | Lair:3   | Received a gift from Okawaru
  8895 | Lair:3   | Reached XP level 12. HP: 74/82 MP: 17/19
  9400 | Lair:3   | 9400 ||| DROPPING scarf of harm.
  9401 | Lair:3   | 9401 ||| READING 3 scrolls of identify.
  9401 | Lair:3   | 9401 ||| IDENTIFYING emerald potion
  9420 | Lair:4   | Noticed a five-headed hydra
  9421 | Lair:4   | 9421 ||| INVOKING Heroism.
  9422 | Lair:4   | 9422 ||| INVOKING Finesse.
  9427 | Lair:4   | 9427 ||| SWAPPING to +0 morningstar.
  9434 | Lair:4   | Killed a five-headed hydra
  9435 | Lair:4   | Reached skill level 9 in Armour
  9435 | Lair:4   | 9435 ||| SWAPPING to +5 spectral war axe.
  9538 | Lair:4   | 9538 ||| Stepping ~*~*~tactically~*~*~ (hiding).
  9539 | Lair:4   | 9539 ||| Stepping ~*~*~tactically~*~*~ (hiding).
  9610 | Lair:4   | Noticed a six-headed hydra
  9611 | Lair:4   | 9611 ||| INVOKING Heroism.
  9612 | Lair:4   | 9612 ||| SWAPPING to +0 morningstar.
  9623 | Lair:4   | Killed a six-headed hydra
  9624 | Lair:4   | Reached skill level 9 in Fighting
  9624 | Lair:4   | 9624 ||| SWAPPING to +5 spectral war axe.
  9767 | Lair:4   | 9767 ||| INVOKING Heroism.
  9958 | Lair:4   | Noticed a catoblepas
  9959 | Lair:4   | 9959 ||| INVOKING Heroism.
  9967 | Lair:4   | Killed a catoblepas
 10185 | Lair:4   | 10185 ||| Stepping ~*~*~tactically~*~*~ (stealth).
 10228 | Lair:4   | Reached skill level 12 in Axes
 10669 | Lair:4   | 10669 ||| UPGRADING to amulet of reflection.
 10674 | Lair:4   | 10674 ||| READING scroll labelled HAT WASEON.
 10703 | Lair:5   | Entered Level 5 of the Lair of Beasts
 10703 | Lair:5   | Noticed a boulder beetle
 10704 | Lair:5   | 10704 ||| INVOKING Heroism.
 10705 | Lair:5   | 10705 ||| Stepping ~*~*~tactically~*~*~ (stealth).
 10711 | Lair:5   | Reached skill level 6 in Shields
 10711 | Lair:5   | 10711 ||| INVOKING Finesse.
 10717 | Lair:5   | Killed a boulder beetle
 10804 | Lair:5   | 10804 ||| INVOKING Heroism.
 10861 | Lair:5   | Noticed a catoblepas
 10862 | Lair:5   | 10862 ||| FLEEEEING.
 10863 | Lair:5   | 10863 ||| FLEEEEING.
 10873 | Lair:5   | Noticed a six-headed hydra
 10874 | Lair:5   | 10874 ||| INVOKING Heroism.
 10878 | Lair:5   | 10878 ||| SWAPPING to +0 morningstar.
 10882 | Lair:5   | 10882 ||| Stepping ~*~*~tactically~*~*~ (outnumbered).
 10884 | Lair:5   | 10884 ||| Stepping ~*~*~tactically~*~*~ (outnumbered).
 10887 | Lair:5   | 10887 ||| Stepping ~*~*~tactically~*~*~ (outnumbered).
 10891 | Lair:5   | Killed a six-headed hydra
 10892 | Lair:5   | Reached skill level 10 in Fighting
 10892 | Lair:5   | 10892 ||| SWAPPING to +5 spectral war axe.
 10896 | Lair:5   | 10896 ||| INVOKING Finesse.
 10909 | Lair:5   | Noticed a death yak
 10917 | Lair:5   | Killed a catoblepas
 10923 | Lair:5   | Noticed a death yak
 10923 | Lair:5   | Noticed a death yak
 10924 | Lair:5   | Received a gift from Okawaru
 10924 | Lair:5   | HP: 8/84 [cane toad (15)]
 10925 | Lair:5   | Reached XP level 13. HP: 9/90 MP: 15/20
 10925 | Lair:5   | 10925 ||| READING 4 scrolls of teleportation.
 10926 | Lair:5   | 10926 ||| DRINKING 2 potions of heal wounds.
 11180 | Lair:5   | Found a staircase to the Slime Pits.
 11251 | Lair:5   | 11251 ||| Stepping ~*~*~tactically~*~*~ (stealth).
 11254 | Lair:5   | 11254 ||| Stepping ~*~*~tactically~*~*~ (stealth).
 11256 | Lair:5   | 11256 ||| INVOKING Heroism.
 11257 | Lair:5   | 11257 ||| Stepping ~*~*~tactically~*~*~ (stealth).
 11258 | Lair:5   | 11258 ||| INVOKING Finesse.
 11264 | Lair:5   | Reached skill level 3 in Throwing
 11284 | Lair:5   | Received a gift from Okawaru
 11367 | Lair:5   | 11367 ||| DROPPING +0 war axe of venom.
 11469 | Lair:5   | 11469 ||| INVOKING Heroism.
 11489 | Lair:5   | Noticed Urug
 11490 | Lair:5   | 11490 ||| INVOKING Finesse.
 11499 | Lair:5   | 11499 ||| INVOKING Heroism.
 11504 | Lair:5   | Killed Urug
 11893 | Lair:5   | 11893 ||| INVOKING Heroism.
 11894 | Lair:5   | 11894 ||| INVOKING Finesse.
 11942 | Lair:5   | 11942 ||| Stepping ~*~*~tactically~*~*~ (stealth).
 11990 | Lair:5   | 11990 ||| INVOKING Heroism.
 11991 | Lair:5   | 11991 ||| INVOKING Finesse.
 11993 | Lair:5   | 11993 ||| SWAPPING to +0 morningstar.
 11997 | Lair:5   | Received a gift from Okawaru
 11998 | Lair:5   | 11998 ||| SWAPPING to +5 spectral war axe.
 12038 | Lair:5   | Found the +8 mithril axe "Arga" {speed, Will+}
 12053 | Lair:5   | 12053 ||| SWAPPING to +8 mithril axe "Arga" {speed, Will+}.
 12054 | Lair:5   | 12054 ||| DROPPING +5 spectral war axe.
 12158 | Lair:5   | 12158 ||| PLANNING D:1-11
 12321 | D:9      | Found a sparkling altar of Nemelex Xobeh.
 12337 | D:9      | 12337 ||| Stepping ~*~*~tactically~*~*~ (stealth).
 12339 | D:9      | 12339 ||| INVOKING Heroism.
 12397 | D:9      | 12397 ||| Stepping ~*~*~tactically~*~*~ (stealth).
 12431 | D:9      | 12431 ||| Stepping ~*~*~tactically~*~*~ (stealth).
 12450 | D:9      | 12450 ||| INVOKING Heroism.
 12494 | D:9      | 12494 ||| Stepping ~*~*~tactically~*~*~ (stealth).
 12521 | D:9      | 12521 ||| Stepping ~*~*~tactically~*~*~ (stealth).
 12537 | D:9      | 12537 ||| Stepping ~*~*~tactically~*~*~ (stealth).
 12540 | D:9      | 12540 ||| Stepping ~*~*~tactically~*~*~ (stealth).
 12547 | D:9      | 12547 ||| Stepping ~*~*~tactically~*~*~ (stealth).
 12561 | D:9      | 12561 ||| Stepping ~*~*~tactically~*~*~ (stealth).
 12687 | D:9      | 12687 ||| INVOKING Heroism.
 12689 | D:9      | 12689 ||| Stepping ~*~*~tactically~*~*~ (hiding).
 12707 | D:9      | Reached skill level 11 in Fighting
 12717 | D:9      | 12717 ||| Stepping ~*~*~tactically~*~*~ (hiding).
 12724 | D:9      | Received a gift from Okawaru
 12741 | D:9      | 12741 ||| INVOKING Finesse.
 12742 | D:9      | 12742 ||| SWAPPING to +0 morningstar.
 12743 | D:9      | 12743 ||| INVOKING Heroism.
 12744 | D:9      | 12744 ||| SWAPPING to +8 mithril axe "Arga" {speed, Will+}.
 12745 | D:9      | 12745 ||| SWAPPING to +0 morningstar.
 12747 | D:9      | 12747 ||| SWAPPING to +8 mithril axe "Arga" {speed, Will+}.
 12750 | D:9      | 12750 ||| SWAPPING to +0 morningstar.
 12752 | D:9      | 12752 ||| SWAPPING to +8 mithril axe "Arga" {speed, Will+}.
 12755 | D:9      | 12755 ||| SWAPPING to +0 morningstar.
 12766 | D:9      | Gained mutation: Your large and strong wings let you fly.
                  | [Gargoyle growth]
 12766 | D:9      | Reached XP level 14. HP: 43/99 MP: 15/21
 12766 | D:9      | 12766 ||| SWAPPING to +8 mithril axe "Arga" {speed, Will+}.
 12773 | D:9      | 12773 ||| FLEEEEING.
 12774 | D:9      | 12774 ||| FLEEEEING.
 12775 | D:9      | 12775 ||| FLEEEEING.
 12776 | D:9      | 12776 ||| FLEEEEING.
 12777 | D:9      | 12777 ||| FLEEEEING.
 12778 | D:9      | 12778 ||| FLEEEEING.
 12779 | D:9      | 12779 ||| FLEEEEING.
 12780 | D:9      | 12780 ||| FLEEEEING.
 12781 | D:9      | 12781 ||| FLEEEEING.
 12782 | D:9      | 12782 ||| FLEEEEING.
 12783 | D:9      | 12783 ||| FLEEEEING.
 12792 | D:9      | 12792 ||| FLEEEEING.
 12793 | D:9      | 12793 ||| FLEEEEING.
 12797 | D:9      | 12797 ||| FLEEEEING.
 12801 | D:9      | 12801 ||| FLEEEEING.
 12802 | D:9      | 12802 ||| FLEEEEING.
 12803 | D:9      | 12803 ||| FLEEEEING.
 12804 | D:9      | 12804 ||| FLEEEEING.
 12806 | D:9      | 12806 ||| FLEEEEING.
 12807 | D:9      | 12807 ||| FLEEEEING.
 12808 | D:9      | 12808 ||| FLEEEEING.
 12809 | D:9      | 12809 ||| FLEEEEING.
 12810 | D:9      | 12810 ||| FLEEEEING.
 12811 | D:9      | 12811 ||| FLEEEEING.
 12812 | D:9      | 12812 ||| STAIRDANCE
 12984 | D:8      | 12984 ||| UPGRADING to +4 ring of evasion.
 12985 | D:8      | 12985 ||| READING 8 scrolls of identify.
 12985 | D:8      | 12985 ||| IDENTIFYING fizzy blue potion
 12992 | D:9      | 12992 ||| STAIRDANCE
 13166 | D:9      | 13166 ||| Stepping ~*~*~tactically~*~*~ (hiding).
 13345 | D:9      | 13345 ||| Stepping ~*~*~tactically~*~*~ (hiding).
 13347 | D:9      | 13347 ||| Stepping ~*~*~tactically~*~*~ (hiding).
 13480 | D:9      | 13480 ||| Stepping ~*~*~tactically~*~*~ (stealth).
 13555 | D:9      | 13555 ||| Stepping ~*~*~tactically~*~*~ (stealth).
 13556 | D:9      | Found a hide-covered altar of Uskayaw.
 13557 | D:9      | 13557 ||| Stepping ~*~*~tactically~*~*~ (hiding).
 13569 | D:9      | 13569 ||| Stepping ~*~*~tactically~*~*~ (cloud).
 13583 | D:9      | 13583 ||| DROPPING +0 morningstar.
 13739 | D:9      | 13739 ||| Stepping ~*~*~tactically~*~*~ (cloud).
 13873 | D:9      | 13873 ||| UPGRADING to +4 ring of slaying {mikee}.
 13874 | D:9      | 13874 ||| READING 10 scrolls of identify.
 13874 | D:9      | 13874 ||| IDENTIFYING fizzy cyan potion
 13875 | D:9      | 13875 ||| DROPPING potion of ambrosia.
 13902 | D:10     | Entered Level 10 of the Dungeon
 13949 | D:10     | 13949 ||| Stepping ~*~*~tactically~*~*~ (stealth).
 13951 | D:10     | 13951 ||| Stepping ~*~*~tactically~*~*~ (hiding).
 14027 | D:10     | 14027 ||| Stepping ~*~*~tactically~*~*~ (stealth).
 14032 | D:10     | 14032 ||| Stepping ~*~*~tactically~*~*~ (hiding).
 14290 | D:10     | Found a runed translucent door.
 14292 | D:10     | Found a shimmering altar of Xom.
 14292 | D:10     | Noticed qw's ghost (journeyman GrFi)
 14322 | D:10     | 14322 ||| INVOKING Heroism.
 14701 | D:11     | 14701 ||| Stepping ~*~*~tactically~*~*~ (hiding).
 14702 | D:11     | 14702 ||| Stepping ~*~*~tactically~*~*~ (hiding).
 14712 | D:11     | Reached skill level 15 in Axes
 14714 | D:11     | 14714 ||| INVOKING Heroism.
 14717 | D:11     | Received a gift from Okawaru
 14752 | D:11     | 14752 ||| Stepping ~*~*~tactically~*~*~ (stealth).
 14918 | D:11     | 14918 ||| Stepping ~*~*~tactically~*~*~ (hiding).
 15066 | D:11     | Found a large runed translucent door.
 15066 | D:11     | Found a large runed translucent door.
 15349 | D:11     | 15349 ||| PLANNING D
 15349 | D:11     | 15349 ||| READING scroll labelled GAOTEP ZEL YTH.
 15349 | D:11     | Identified a scroll of acquirement
 15349 | D:11     | 15349 ||| ACQUIRING 866 gold pieces
 15349 | D:11     | Acquired 866 gold pieces
 15398 | D:12     | 15398 ||| STAIRDANCE
 15491 | D:12     | 15491 ||| STAIRDANCE
 15646 | D:12     | 15646 ||| STAIRDANCE
 15781 | D:12     | Identified the +14 chain mail of Jigsaw {Dex+2}
 15796 | D:12     | Reached skill level 12 in Armour
 15889 | D:12     | 15889 ||| Stepping ~*~*~tactically~*~*~ (hiding).
 15890 | D:12     | 15890 ||| Stepping ~*~*~tactically~*~*~ (hiding).
 15892 | D:12     | Noticed Azrael
 15893 | D:12     | 15893 ||| INVOKING Heroism.
 15898 | D:12     | 15898 ||| INVOKING Finesse.
 15901 | D:12     | Received a gift from Okawaru
 15922 | D:12     | Killed Azrael
 16045 | D:12     | 16045 ||| Stepping ~*~*~tactically~*~*~ (stealth).
 16051 | D:12     | 16051 ||| FLEEEEING.
 16052 | D:12     | 16052 ||| FLEEEEING.
 16053 | D:12     | 16053 ||| FLEEEEING.
 16054 | D:12     | 16054 ||| FLEEEEING.
 16055 | D:12     | 16055 ||| FLEEEEING.
 16056 | D:12     | 16056 ||| FLEEEEING.
 16057 | D:12     | 16057 ||| FLEEEEING.
 16058 | D:12     | 16058 ||| FLEEEEING.
 16059 | D:12     | 16059 ||| FLEEEEING.
 16060 | D:12     | 16060 ||| FLEEEEING.
 16061 | D:12     | 16061 ||| FLEEEEING.
 16062 | D:12     | 16062 ||| FLEEEEING.
 16063 | D:12     | 16063 ||| FLEEEEING.
 16064 | D:12     | 16064 ||| FLEEEEING.
 16065 | D:12     | 16065 ||| FLEEEEING.
 16066 | D:12     | 16066 ||| FLEEEEING.
 16067 | D:12     | 16067 ||| FLEEEEING.
 16090 | D:12     | 16090 ||| Stepping ~*~*~tactically~*~*~ (stealth).
 16105 | D:12     | 16105 ||| Stepping ~*~*~tactically~*~*~ (stealth).
 16106 | D:12     | 16106 ||| Stepping ~*~*~tactically~*~*~ (stealth).
 16111 | D:12     | 16111 ||| Stepping ~*~*~tactically~*~*~ (stealth).
 16113 | D:12     | 16113 ||| Stepping ~*~*~tactically~*~*~ (stealth).
 16117 | D:12     | 16117 ||| Stepping ~*~*~tactically~*~*~ (hiding).
 16186 | D:12     | 16186 ||| Stepping ~*~*~tactically~*~*~ (stealth).
 16188 | D:12     | 16188 ||| Stepping ~*~*~tactically~*~*~ (hiding).
 16226 | D:12     | 16226 ||| Stepping ~*~*~tactically~*~*~ (stealth).
 16228 | D:12     | 16228 ||| Stepping ~*~*~tactically~*~*~ (hiding).
 16236 | D:12     | Reached skill level 12 in Fighting
 16320 | D:12     | 16320 ||| Stepping ~*~*~tactically~*~*~ (hiding).
 16370 | D:12     | 16370 ||| Stepping ~*~*~tactically~*~*~ (stealth).
 16377 | D:12     | 16377 ||| Stepping ~*~*~tactically~*~*~ (hiding).
 16400 | D:12     | 16400 ||| Stepping ~*~*~tactically~*~*~ (stealth).
 16409 | D:12     | 16409 ||| Stepping ~*~*~tactically~*~*~ (stealth).
 16420 | D:12     | Found a staircase to the Orcish Mines.
 16421 | D:12     | 16421 ||| Stepping ~*~*~tactically~*~*~ (hiding).
 16426 | D:12     | 16426 ||| INVOKING Heroism.
 16535 | D:12     | 16535 ||| Stepping ~*~*~tactically~*~*~ (stealth).
 16551 | D:12     | 16551 ||| Stepping ~*~*~tactically~*~*~ (stealth).
 16555 | D:12     | 16555 ||| Stepping ~*~*~tactically~*~*~ (hiding).
 16960 | D:12     | Noticed Nessos
 16961 | D:12     | 16961 ||| INVOKING Finesse.
 16968 | D:12     | Killed Nessos
 17230 | D:12     | 17230 ||| UPGRADING to +14 chain mail of Jigsaw {Dex+2}.
 17240 | D:12     | 17240 ||| DROPPING +0 plate armour.
 17241 | D:12     | 17241 ||| READING 10 scrolls of identify.
 17241 | D:12     | 17241 ||| IDENTIFYING fuming yellow potion
 17242 | D:12     | 17242 ||| DROPPING potion of berserk rage.
 17389 | D:13     | Found a portal to a secret trove of treasure.
 17429 | D:13     | 17429 ||| INVOKING Heroism.
 17442 | D:13     | Reached skill level 3 in Dodging
 17471 | D:13     | Received a gift from Okawaru
 17620 | D:13     | 17620 ||| INVOKING Heroism.
 17748 | D:13     | 17748 ||| Stepping ~*~*~tactically~*~*~ (stealth).
 17749 | D:13     | 17749 ||| Stepping ~*~*~tactically~*~*~ (stealth).
 17759 | D:13     | Received a gift from Okawaru
 17789 | D:13     | 17789 ||| Stepping ~*~*~tactically~*~*~ (hiding).
 17792 | D:13     | Found a gate to the Vaults.
 17958 | D:13     | 17958 ||| Stepping ~*~*~tactically~*~*~ (hiding).
 18049 | D:13     | 18049 ||| INVOKING Heroism.
 18142 | D:13     | Reached XP level 15. HP: 84/105 MP: 22/22
 18313 | D:13     | 18313 ||| Stepping ~*~*~tactically~*~*~ (stealth).
 18564 | D:14     | 18564 ||| Stepping ~*~*~tactically~*~*~ (hiding).
 18669 | D:14     | Identified the +8 executioner's axe of Syekumoq {pain,
                  | SInv} (Okawaru gifted it to you on level 14 of the Dungeon)
 18669 | D:14     | Received a gift from Okawaru
 19025 | D:14     | 19025 ||| UPGRADING to +0 kite shield.
 19035 | D:14     | 19035 ||| DROPPING +0 buckler.
 19036 | D:14     | 19036 ||| UPGRADING to +1 helmet.
 19046 | D:14     | 19046 ||| DROPPING +0 helmet.
 19047 | D:14     | 19047 ||| DROPPING amulet of regeneration.
 19071 | D:15     | Entered Level 15 of the Dungeon
 19076 | D:15     | 19076 ||| STAIRDANCE
 19105 | D:15     | 19105 ||| Stepping ~*~*~tactically~*~*~ (stealth).
 19110 | D:15     | 19110 ||| Stepping ~*~*~tactically~*~*~ (stealth).
 19120 | D:15     | Noticed Kirke
 19121 | D:15     | 19121 ||| INVOKING Heroism.
 19122 | D:15     | 19122 ||| INVOKING Finesse.
 19129 | D:15     | 19129 ||| DRINKING 2 potions of cancellation.
 19132 | D:15     | Killed Kirke
 19231 | D:15     | 19231 ||| READING scroll of enchant armour.
 19231 | D:15     | 19231 ||| ENCHANTING +1 pair of gloves.
 19286 | D:15     | Reached skill level 9 in Shields
 19328 | D:15     | 19328 ||| Stepping ~*~*~tactically~*~*~ (hiding).
 19329 | D:15     | 19329 ||| Stepping ~*~*~tactically~*~*~ (hiding).
 19412 | D:15     | 19412 ||| Stepping ~*~*~tactically~*~*~ (hiding).
 19578 | D:15     | Noticed Louise
 19579 | D:15     | 19579 ||| INVOKING Heroism.
 19580 | D:15     | 19580 ||| INVOKING Finesse.
 19603 | D:15     | Killed Louise
 19632 | D:15     | Identified the +6 executioner's axe "Gargoyle's Curse"
                  | {elec, Will+} (Okawaru gifted it to you on level 15 of the
                  | Dungeon)
 19632 | D:15     | Received a gift from Okawaru
 19885 | D:15     | 19885 ||| INVOKING Heroism.
 19887 | D:15     | 19887 ||| Stepping ~*~*~tactically~*~*~ (stealth).
 19946 | D:15     | Identified Roxanne's Atlas of Grit
 19946 | D:15     | Noticed Roxanne
 19947 | D:15     | 19947 ||| INVOKING Heroism.
 19948 | D:15     | 19948 ||| INVOKING Finesse.
 19969 | D:15     | Killed Roxanne
 20085 | D:15     | 20085 ||| Stepping ~*~*~tactically~*~*~ (hiding).
 20086 | D:15     | 20086 ||| INVOKING Heroism.
 20121 | D:15     | Reached skill level 12 in Shields
 20138 | D:15     | Found a staircase to the Depths.
 20142 | D:15     | 20142 ||| INVOKING Heroism.
 20270 | D:15     | 20270 ||| PLANNING ORC
 20270 | D:15     | 20270 ||| UPGRADING to +0 tower shield.
 20280 | D:15     | 20280 ||| DROPPING +0 kite shield.
 20378 | Orc:1    | Entered Level 1 of the Orcish Mines
 20481 | Orc:1    | 20481 ||| Stepping ~*~*~tactically~*~*~ (hiding).
 20589 | Orc:2    | Entered Level 2 of the Orcish Mines
 20591 | Orc:2    | 20591 ||| INVOKING Heroism.
 20601 | Orc:2    | 20601 ||| Stepping ~*~*~tactically~*~*~ (hiding).
 20610 | Orc:2    | 20610 ||| Stepping ~*~*~tactically~*~*~ (hiding).
 20610 | Orc:2    | Noticed Rupert
 20611 | Orc:2    | 20611 ||| INVOKING Finesse.
 20612 | Orc:2    | 20612 ||| Stepping ~*~*~tactically~*~*~ (hiding).
 20636 | Orc:2    | Killed Rupert
 20648 | Orc:2    | Noticed Donald
 20651 | Orc:2    | Found a staircase to the Elven Halls.
 20652 | Orc:2    | 20652 ||| INVOKING Heroism.
 20663 | Orc:2    | Killed Donald
 20751 | Orc:2    | 20751 ||| INVOKING Heroism.
 20822 | Orc:2    | 20822 ||| DROPPING +4 morningstar.
 20853 | Orc:2    | Found a runed translucent gate.
 20854 | Orc:2    | Found a runed translucent gate.
 20907 | Orc:2    | 20907 ||| Stepping ~*~*~tactically~*~*~ (stealth).
 20915 | Orc:2    | 20915 ||| INVOKING Heroism.
 20925 | Orc:2    | Noticed Snorg
 20926 | Orc:2    | 20926 ||| INVOKING Finesse.
 20943 | Orc:2    | Killed Snorg
 20949 | Orc:2    | Received a gift from Okawaru
 20959 | Orc:2    | 20959 ||| Stepping ~*~*~tactically~*~*~ (hiding).
 20966 | Orc:2    | Found Ureivait's Antique Armour Shop.
 20966 | Orc:2    | Found Mahatud's Armour Boutique.
 20966 | Orc:2    | Found Nupteev's Magic Scroll Boutique.
 20973 | Orc:2    | 20973 ||| Stepping ~*~*~tactically~*~*~ (hiding).
 20978 | Orc:2    | 20978 ||| Stepping ~*~*~tactically~*~*~ (hiding).
 20980 | Orc:2    | 20980 ||| Stepping ~*~*~tactically~*~*~ (hiding).
 20981 | Orc:2    | 20981 ||| INVOKING Heroism.
 20991 | Orc:2    | 20991 ||| Stepping ~*~*~tactically~*~*~ (hiding).
 21305 | Orc:2    | Found Fempu's General Store.
 21313 | Orc:2    | 21313 ||| BUYING scroll of teleportation (33 gold).
 21313 | Orc:2    | Bought a scroll of teleportation for 33 gold pieces
 21315 | Orc:2    | 21315 ||| BUYING scroll of acquirement (572 gold).
 21315 | Orc:2    | Bought a scroll of acquirement for 572 gold pieces
 21315 | Orc:2    | 21315 ||| BUYING scroll of enchant weapon (82 gold).
 21315 | Orc:2    | Bought a scroll of enchant weapon for 82 gold pieces
 21315 | Orc:2    | 21315 ||| BUYING scroll of teleportation (33 gold).
 21315 | Orc:2    | Bought a scroll of teleportation for 33 gold pieces
 21315 | Orc:2    | 21315 ||| READING scroll of acquirement.
 21315 | Orc:2    | 21315 ||| ACQUIRING +3 hat of Chimes {rElec Regen+ Str-3
                  | Int+4}
 21315 | Orc:2    | Acquired the +3 hat of Chimes {rElec Regen+ Str-3 Int+4}
 21317 | Orc:2    | 21317 ||| UPGRADING to +3 hat of Chimes {rElec Regen+ Str-3
                  | Int+4}.
 21327 | Orc:2    | 21327 ||| DROPPING +1 helmet.
 21431 | Orc:2    | 21431 ||| INVOKING Heroism.
 21447 | Orc:2    | Reached XP level 16. HP: 96/111 MP: 21/23
 21648 | Orc:2    | Found a runed translucent gate.
 21723 | Orc:2    | Noticed Necsenou's ghost (journeyman GnWn)
 21859 | Orc:1    | 21859 ||| INVOKING Heroism.
 21860 | Orc:1    | 21860 ||| INVOKING Finesse.
 21869 | Orc:1    | 21869 ||| Stepping ~*~*~tactically~*~*~ (hiding).
 21870 | Orc:1    | 21870 ||| Stepping ~*~*~tactically~*~*~ (stealth).
 21880 | Orc:1    | 21880 ||| Stepping ~*~*~tactically~*~*~ (hiding).
 21881 | Orc:1    | 21881 ||| Stepping ~*~*~tactically~*~*~ (hiding).
 21882 | Orc:1    | 21882 ||| Stepping ~*~*~tactically~*~*~ (hiding).
 22026 | Orc:1    | 22026 ||| Stepping ~*~*~tactically~*~*~ (hiding).
 22095 | Orc:1    | 22095 ||| PLANNING SNAKE:1-3
 22325 | Snake:1  | Entered Level 1 of the Snake Pit
 22330 | Snake:1  | 22330 ||| Stepping ~*~*~tactically~*~*~ (hiding).
 22333 | Snake:1  | 22333 ||| Stepping ~*~*~tactically~*~*~ (hiding).
 22347 | Snake:1  | 22347 ||| Stepping ~*~*~tactically~*~*~ (hiding).
 22348 | Snake:1  | 22348 ||| Stepping ~*~*~tactically~*~*~ (hiding).
 22505 | Snake:1  | Found a frozen archway.
 22546 | Snake:1  | 22546 ||| INVOKING Heroism.
 22553 | Snake:1  | Received a gift from Okawaru
 22570 | Snake:1  | Noticed Aizul
 22571 | Snake:1  | 22571 ||| INVOKING Finesse.
 22597 | Snake:1  | Killed Aizul
 22627 | Snake:1  | 22627 ||| Stepping ~*~*~tactically~*~*~ (stealth).
 22635 | Snake:1  | 22635 ||| Stepping ~*~*~tactically~*~*~ (stealth).
 22638 | Snake:1  | 22638 ||| Stepping ~*~*~tactically~*~*~ (hiding).
 22639 | Snake:1  | 22639 ||| Stepping ~*~*~tactically~*~*~ (hiding).
 22651 | Snake:1  | 22651 ||| Stepping ~*~*~tactically~*~*~ (hiding).
 22656 | Snake:1  | 22656 ||| Stepping ~*~*~tactically~*~*~ (hiding).
 22709 | Snake:1  | 22709 ||| Stepping ~*~*~tactically~*~*~ (hiding).
 22716 | Snake:1  | Reached skill level 15 in Shields
 22734 | Snake:1  | Identified the +6 hand axe "Yresonia" {freeze, Fly}
                  | (Okawaru gifted it to you on level 1 of the Snake Pit)
 22734 | Snake:1  | Received a gift from Okawaru
 22950 | Snake:1  | 22950 ||| Stepping ~*~*~tactically~*~*~ (hiding).
 23128 | Snake:1  | 23128 ||| Stepping ~*~*~tactically~*~*~ (hiding).
 23129 | Snake:1  | 23129 ||| Stepping ~*~*~tactically~*~*~ (hiding).
 23311 | Snake:1  | 23311 ||| INVOKING Heroism.
 23385 | Snake:1  | 23385 ||| Stepping ~*~*~tactically~*~*~ (hiding).
 23386 | Snake:1  | 23386 ||| Stepping ~*~*~tactically~*~*~ (hiding).
 23714 | Snake:1  | 23714 ||| UPGRADING to +2 tower shield of protection.
 23724 | Snake:1  | 23724 ||| DROPPING +0 tower shield.
 23725 | Snake:1  | 23725 ||| DROPPING +6 ring of intelligence.
 23772 | Snake:2  | 23772 ||| INVOKING Heroism.
 23844 | Snake:2  | Identified the +6 whip "Feal" {pain, rC+}
 23956 | Snake:2  | 23956 ||| Stepping ~*~*~tactically~*~*~ (hiding).
 24034 | Snake:2  | 24034 ||| Stepping ~*~*~tactically~*~*~ (hiding).
 24043 | Snake:2  | 24043 ||| INVOKING Heroism.
 24047 | Snake:2  | 24047 ||| Stepping ~*~*~tactically~*~*~ (hiding).
 24061 | Snake:2  | Reached skill level 6 in Throwing
 24221 | Snake:2  | 24221 ||| Stepping ~*~*~tactically~*~*~ (hiding).
 24227 | Snake:2  | 24227 ||| INVOKING Heroism.
 24235 | Snake:2  | Reached ****** piety under Okawaru
 24276 | Snake:2  | Received a gift from Okawaru
 24461 | Snake:2  | 24461 ||| Stepping ~*~*~tactically~*~*~ (hiding).
 24514 | Snake:2  | 24514 ||| DROPPING ring of positive energy.
 24542 | Snake:3  | 24542 ||| Stepping ~*~*~tactically~*~*~ (hiding).
 24584 | Snake:3  | Found Ycobluh's Antique Armour Shoppe.
 24590 | Snake:3  | Found Xelah's Antique Armour Emporium.
 24596 | Snake:3  | 24596 ||| BUYING steaming helmet (389 gold).
 24596 | Snake:3  | Bought a steaming helmet for 389 gold pieces
 24596 | Snake:3  | Identified the +1 helmet "Ixtyptumn" {rC+++ rCorr Slay-4
                  | Stlth+} (You bought it in a shop on level 3 of the Snake
                  | Pit)
 24599 | Snake:3  | Found Buajuh's Distillery.
 24601 | Snake:3  | Found Zisti's Distillery.
 24607 | Snake:3  | 24607 ||| BUYING 2 potions of curing (96 gold).
 24607 | Snake:3  | Bought 2 potions of curing for 96 gold pieces
 24607 | Snake:3  | 24607 ||| BUYING potion of attraction (48 gold).
 24607 | Snake:3  | Bought a potion of attraction for 48 gold pieces
 24607 | Snake:3  | 24607 ||| BUYING potion of cancellation (128 gold).
 24607 | Snake:3  | Bought a potion of cancellation for 128 gold pieces
 24607 | Snake:3  | 24607 ||| BUYING potion of curing (48 gold).
 24607 | Snake:3  | Bought a potion of curing for 48 gold pieces
 24607 | Snake:3  | 24607 ||| BUYING potion of curing (48 gold).
 24607 | Snake:3  | Bought a potion of curing for 48 gold pieces
 24609 | Snake:3  | 24609 ||| BUYING potion of attraction (51 gold).
 24609 | Snake:3  | Bought a potion of attraction for 51 gold pieces
 24609 | Snake:3  | 24609 ||| BUYING potion of curing (51 gold).
 24609 | Snake:3  | Bought a potion of curing for 51 gold pieces
 24609 | Snake:3  | 24609 ||| BUYING potion of curing (51 gold).
 24609 | Snake:3  | Bought a potion of curing for 51 gold pieces
 24609 | Snake:3  | 24609 ||| BUYING potion of lignification (51 gold).
 24609 | Snake:3  | Bought a potion of lignification for 51 gold pieces
 24834 | Snake:3  | 24834 ||| Stepping ~*~*~tactically~*~*~ (hiding).
 24836 | Snake:3  | 24836 ||| Stepping ~*~*~tactically~*~*~ (hiding).
 24847 | Snake:3  | 24847 ||| Stepping ~*~*~tactically~*~*~ (hiding).
 24855 | Snake:3  | 24855 ||| INVOKING Heroism.
 24915 | Snake:3  | Noticed a nagaraja
 24916 | Snake:3  | 24916 ||| INVOKING Heroism.
 24926 | Snake:3  | Killed a nagaraja
 24980 | Snake:3  | Identified the +4 war axe of the Saviour {venom, rC+}
                  | (Okawaru gifted it to you on level 3 of the Snake Pit)
 24980 | Snake:3  | Received a gift from Okawaru
 25257 | Snake:3  | 25257 ||| Stepping ~*~*~tactically~*~*~ (stealth).
 25258 | Snake:3  | 25258 ||| Stepping ~*~*~tactically~*~*~ (stealth).
 25376 | Snake:3  | 25376 ||| Stepping ~*~*~tactically~*~*~ (stealth).
 25378 | Snake:3  | 25378 ||| Stepping ~*~*~tactically~*~*~ (stealth).
 25392 | Snake:3  | 25392 ||| Stepping ~*~*~tactically~*~*~ (hiding).
 25394 | Snake:3  | 25394 ||| INVOKING Heroism.
 25622 | Snake:3  | 25622 ||| PLANNING SHOALS:1-3
 25622 | Snake:3  | 25622 ||| UPGRADING to +1 helmet "Ixtyptumn" {rC+++ rCorr
                  | Slay-4 Stlth+}.
 25736 | Shoals:1 | Entered Level 1 of the Shoals
 26029 | Shoals:1 | 26029 ||| Stepping ~*~*~tactically~*~*~ (hiding).
 26147 | Shoals:1 | 26147 ||| Stepping ~*~*~tactically~*~*~ (hiding).
 26149 | Shoals:1 | 26149 ||| Stepping ~*~*~tactically~*~*~ (hiding).
 26283 | Shoals:1 | 26283 ||| Stepping ~*~*~tactically~*~*~ (hiding).
 26286 | Shoals:1 | 26286 ||| INVOKING Heroism.
 26520 | Shoals:1 | 26520 ||| INVOKING Heroism.
 26550 | Shoals:1 | Reached XP level 17. HP: 116/116 MP: 24/24
 26577 | Shoals:1 | 26577 ||| Stepping ~*~*~tactically~*~*~ (hiding).
 26578 | Shoals:1 | 26578 ||| Stepping ~*~*~tactically~*~*~ (hiding).
 26581 | Shoals:1 | 26581 ||| Stepping ~*~*~tactically~*~*~ (hiding).
 26582 | Shoals:1 | 26582 ||| Stepping ~*~*~tactically~*~*~ (hiding).
 26584 | Shoals:1 | 26584 ||| INVOKING Heroism.
 26585 | Shoals:1 | 26585 ||| INVOKING Finesse.
 26654 | Shoals:1 | 26654 ||| INVOKING Heroism.
 26734 | Shoals:1 | 26734 ||| INVOKING Heroism.
 26735 | Shoals:1 | 26735 ||| INVOKING Finesse.
 27047 | Shoals:2 | Noticed a kraken
 27050 | Shoals:2 | 27050 ||| INVOKING Heroism.
 27058 | Shoals:2 | Killed a kraken
 27061 | Shoals:2 | Received a gift from Okawaru
 27238 | Shoals:2 | 27238 ||| Stepping ~*~*~tactically~*~*~ (hiding).
 27239 | Shoals:2 | 27239 ||| Stepping ~*~*~tactically~*~*~ (hiding).
 27241 | Shoals:2 | 27241 ||| Stepping ~*~*~tactically~*~*~ (hiding).
 27244 | Shoals:2 | 27244 ||| Stepping ~*~*~tactically~*~*~ (hiding).
 27247 | Shoals:2 | 27247 ||| INVOKING Heroism.
 27399 | Shoals:2 | 27399 ||| Stepping ~*~*~tactically~*~*~ (stealth).
 27400 | Shoals:2 | 27400 ||| INVOKING Heroism.
 27501 | Shoals:2 | 27501 ||| INVOKING Heroism.
 27545 | Shoals:2 | 27545 ||| INVOKING Heroism.
 27594 | Shoals:2 | 27594 ||| INVOKING Heroism.
 27605 | Shoals:2 | Reached skill level 13 in Fighting
 27636 | Shoals:2 | 27636 ||| INVOKING Heroism.
 27643 | Shoals:2 | Received a gift from Okawaru
 28219 | Shoals:3 | 28219 ||| Stepping ~*~*~tactically~*~*~ (stealth).
 28221 | Shoals:3 | 28221 ||| INVOKING Heroism.
 28222 | Shoals:3 | 28222 ||| Stepping ~*~*~tactically~*~*~ (hiding).
 28223 | Shoals:3 | 28223 ||| Stepping ~*~*~tactically~*~*~ (hiding).
 28282 | Shoals:3 | 28282 ||| Stepping ~*~*~tactically~*~*~ (hiding).
 28305 | Shoals:3 | 28305 ||| Stepping ~*~*~tactically~*~*~ (hiding).
 28308 | Shoals:3 | 28308 ||| Stepping ~*~*~tactically~*~*~ (hiding).
 28310 | Shoals:3 | 28310 ||| INVOKING Heroism.
 28312 | Shoals:3 | Noticed Mlioglotl
 28313 | Shoals:3 | 28313 ||| INVOKING Finesse.
 28318 | Shoals:3 | 28318 ||| Stepping ~*~*~tactically~*~*~ (hiding).
 28331 | Shoals:3 | Killed Mlioglotl
 28331 | Shoals:3 | Received a gift from Okawaru
 28426 | Shoals:3 | 28426 ||| Stepping ~*~*~tactically~*~*~ (hiding).
 28427 | Shoals:3 | 28427 ||| Stepping ~*~*~tactically~*~*~ (hiding).
 28429 | Shoals:3 | 28429 ||| INVOKING Heroism.
 28460 | Shoals:3 | Received a gift from Okawaru
 28469 | Shoals:3 | 28469 ||| INVOKING Finesse.
 28506 | Shoals:3 | 28506 ||| INVOKING Heroism.
 28638 | Shoals:3 | 28638 ||| Stepping ~*~*~tactically~*~*~ (hiding).
 28643 | Shoals:3 | 28643 ||| INVOKING Heroism.
 28706 | Shoals:3 | 28706 ||| INVOKING Heroism.
 28721 | Shoals:3 | 28721 ||| INVOKING Finesse.
 28794 | Shoals:3 | 28794 ||| INVOKING Heroism.
 28810 | Shoals:3 | Reached skill level 18 in Axes
 28817 | Shoals:3 | Received a gift from Okawaru
 28967 | Shoals:3 | Found a runed translucent door.
 28968 | Shoals:3 | Noticed Amuaxidi's ghost (adept FoCK)
 29492 | Shoals:3 | 29492 ||| PLANNING SNAKE:4
 29674 | Snake:4  | Entered Level 4 of the Snake Pit
 29675 | Snake:4  | 29675 ||| STAIRDANCE
 29686 | Snake:4  | 29686 ||| INVOKING Heroism.
 29717 | Snake:4  | 29717 ||| Stepping ~*~*~tactically~*~*~ (hiding).
 29718 | Snake:4  | 29718 ||| Stepping ~*~*~tactically~*~*~ (hiding).
 29742 | Snake:4  | 29742 ||| Stepping ~*~*~tactically~*~*~ (hiding).
 29743 | Snake:4  | 29743 ||| Stepping ~*~*~tactically~*~*~ (hiding).
 29744 | Snake:4  | 29744 ||| INVOKING Heroism.
 29827 | Snake:4  | 29827 ||| Stepping ~*~*~tactically~*~*~ (hiding).
 29917 | Snake:4  | 29917 ||| Stepping ~*~*~tactically~*~*~ (hiding).
 29924 | Snake:4  | 29924 ||| INVOKING Heroism.
 29968 | Snake:4  | Reached XP level 18. HP: 125/125 MP: 25/25
 29970 | Snake:4  | 29970 ||| DROPPING +1 hand axe of flaming.
 30004 | Snake:4  | 30004 ||| Stepping ~*~*~tactically~*~*~ (hiding).
 30009 | Snake:4  | 30009 ||| Stepping ~*~*~tactically~*~*~ (hiding).
 30017 | Snake:4  | 30017 ||| INVOKING Heroism.
 30045 | Snake:4  | Found Yntoixt's Book Emporium.
 30056 | Snake:4  | Found Vupu's Jewellery Boutique.
 30057 | Snake:4  | Found Ogresysi's Book Emporium.
 30065 | Snake:4  | 30065 ||| BUYING ring of ice (400 gold).
 30065 | Snake:4  | Bought a ring of ice for 400 gold pieces
 30065 | Snake:4  | 30065 ||| BUYING ring of protection from cold (400 gold).
 30065 | Snake:4  | Bought a ring of protection from cold for 400 gold pieces
 30081 | Snake:4  | 30081 ||| INVOKING Heroism.
 30094 | Snake:4  | Received a gift from Okawaru
 30099 | Snake:4  | Reached skill level 14 in Fighting
 30125 | Snake:4  | Reached skill level 18 in Shields
 30191 | Snake:4  | 30191 ||| Stepping ~*~*~tactically~*~*~ (hiding).
 30380 | Snake:4  | Found Paitus's Magic Scroll Shoppe.
 30388 | Snake:4  | 30388 ||| BUYING 3 scrolls of enchant weapon (360 gold).
 30388 | Snake:4  | Bought 3 scrolls of enchant weapon for 360 gold pieces
 30388 | Snake:4  | 30388 ||| BUYING scroll of teleportation (48 gold).
 30388 | Snake:4  | Bought a scroll of teleportation for 48 gold pieces
 30388 | Snake:4  | 30388 ||| BUYING scroll of teleportation (48 gold).
 30388 | Snake:4  | Bought a scroll of teleportation for 48 gold pieces
 30514 | Snake:4  | 30514 ||| INVOKING Heroism.
 30562 | Snake:4  | 30562 ||| INVOKING Heroism.
 30612 | Snake:4  | 30612 ||| INVOKING Heroism.
 30639 | Snake:4  | Received a gift from Okawaru
 30694 | Snake:4  | Got a serpentine rune of Zot
 31093 | Snake:4  | 31093 ||| PLANNING VAULTS:1-4
 31093 | Snake:4  | 31093 ||| DROPPING ring of ice.
 31387 | Vaults:1 | Entered Level 1 of the Vaults
 31388 | Vaults:1 | 31388 ||| PLANNING BAZAAR
 31388 | Vaults:1 | 31388 ||| INVOKING Heroism.
 31401 | Vaults:1 | Reached skill level 15 in Fighting
 31526 | Vaults:1 | 31526 ||| INVOKING Heroism.
 31556 | Vaults:1 | Received a gift from Okawaru
 31621 | Vaults:1 | 31621 ||| Stepping ~*~*~tactically~*~*~ (stealth).
 31622 | Vaults:1 | 31622 ||| Stepping ~*~*~tactically~*~*~ (stealth).
 31627 | Vaults:1 | 31627 ||| INVOKING Heroism.
 31646 | Vaults:1 | Identified the +1 chain mail "Ishreph" {Contam rElec Regen+
                  | Int+3} (Okawaru gifted it to you on level 1 of the Vaults)
 31646 | Vaults:1 | Received a gift from Okawaru
 31665 | Vaults:1 | 31665 ||| Stepping ~*~*~tactically~*~*~ (stealth).
 31782 | Vaults:1 | Found a flickering gateway to a bazaar.
 31793 | Bazaar   | Entered a bazaar
 31836 | Bazaar   | Found Foahoog's Book Emporium.
 31923 | Bazaar   | Found Yxkixoar's Jewellery Emporium.
 31931 | Bazaar   | 31931 ||| BUYING ring of Qoskog {rElec rF+++ Will+ Int-5
                  | Stlth+} (663 gold).
 31931 | Bazaar   | Bought the ring of Qoskog {rElec rF+++ Will+ Int-5 Stlth+}
                  | for 663 gold pieces
 31931 | Bazaar   | 31931 ||| BUYING ring of protection from cold (250 gold).
 31931 | Bazaar   | Bought a ring of protection from cold for 250 gold pieces
 31931 | Bazaar   | 31931 ||| BUYING ring of resist corrosion (200 gold).
 31931 | Bazaar   | Bought a ring of resist corrosion for 200 gold pieces
 31979 | Bazaar   | Found Wuore's Book Emporium.
 31994 | Bazaar   | Found Junymo's Book Boutique.
 32092 | Bazaar   | 32092 ||| UPGRADING to ring of Qoskog {rElec rF+++ Will+
                  | Int-5 Stlth+}.
 32094 | Bazaar   | 32094 ||| DROPPING ring of ice.
 32095 | Bazaar   | 32095 ||| DROPPING ring of protection from fire.
 32130 | Vaults:1 | 32130 ||| PLANNING VAULTS:1-4
 32155 | Vaults:1 | 32155 ||| Stepping ~*~*~tactically~*~*~ (hiding).
 32218 | Vaults:1 | 32218 ||| INVOKING Heroism.
 32479 | Vaults:1 | 32479 ||| Stepping ~*~*~tactically~*~*~ (stealth).
 32485 | Vaults:1 | 32485 ||| Stepping ~*~*~tactically~*~*~ (hiding).
 32499 | Vaults:1 | 32499 ||| INVOKING Heroism.
 32500 | Vaults:1 | 32500 ||| INVOKING Finesse.
 32705 | Vaults:1 | Reached XP level 19. HP: 136/136 MP: 26/26
 32710 | Vaults:1 | Reached skill level 9 in Throwing
 32770 | Vaults:1 | 32770 ||| Stepping ~*~*~tactically~*~*~ (stealth).
 32778 | Vaults:1 | 32778 ||| Stepping ~*~*~tactically~*~*~ (stealth).
 32779 | Vaults:1 | 32779 ||| INVOKING Heroism.
 32800 | Vaults:1 | Identified the ring "Tiosmaub" {Fly rC+ rN+++ rCorr Int-5}
 32816 | Vaults:1 | 32816 ||| Stepping ~*~*~tactically~*~*~ (hiding).
 32900 | Vaults:1 | Reached skill level 16 in Fighting
 33020 | Vaults:1 | 33020 ||| Stepping ~*~*~tactically~*~*~ (stealth).
 33022 | Vaults:1 | 33022 ||| Stepping ~*~*~tactically~*~*~ (hiding).
 33024 | Vaults:1 | 33024 ||| Stepping ~*~*~tactically~*~*~ (hiding).
 33568 | Vaults:1 | 33568 ||| DROPPING ring of protection from cold.
 33695 | Vaults:2 | 33695 ||| STAIRDANCE
 33713 | Vaults:2 | 33713 ||| INVOKING Heroism.
 33882 | Vaults:2 | 33882 ||| INVOKING Heroism.
 33974 | Vaults:2 | 33974 ||| INVOKING Heroism.
 33979 | Vaults:2 | 33979 ||| Stepping ~*~*~tactically~*~*~ (hiding).
 33986 | Vaults:2 | Received a gift from Okawaru
 34159 | Vaults:2 | 34159 ||| INVOKING Heroism.
 34281 | Vaults:2 | 34281 ||| INVOKING Heroism.
 34465 | Vaults:2 | 34465 ||| Stepping ~*~*~tactically~*~*~ (hiding).
 34466 | Vaults:2 | 34466 ||| Stepping ~*~*~tactically~*~*~ (hiding).
 34467 | Vaults:2 | 34467 ||| Stepping ~*~*~tactically~*~*~ (hiding).
 34489 | Vaults:2 | Identified the +3 ring mail of the Past {rC++ rN+ rCorr
                  | Str-2}
 34507 | Vaults:2 | Found a staircase to the Crypt.
 34508 | Vaults:2 | 34508 ||| INVOKING Heroism.
 34531 | Vaults:2 | Received a gift from Okawaru
 34737 | Vaults:2 | 34737 ||| FLEEEEING.
 34738 | Vaults:2 | 34738 ||| FLEEEEING.
 34739 | Vaults:2 | 34739 ||| FLEEEEING.
 34740 | Vaults:2 | 34740 ||| FLEEEEING.
 34741 | Vaults:2 | 34741 ||| FLEEEEING.
 34742 | Vaults:2 | 34742 ||| FLEEEEING.
 34743 | Vaults:2 | 34743 ||| FLEEEEING.
 34744 | Vaults:2 | 34744 ||| FLEEEEING.
 34745 | Vaults:2 | 34745 ||| FLEEEEING.
 34746 | Vaults:2 | 34746 ||| FLEEEEING.
 34747 | Vaults:2 | 34747 ||| FLEEEEING.
 34748 | Vaults:2 | 34748 ||| FLEEEEING.
 34749 | Vaults:2 | 34749 ||| FLEEEEING.
 34750 | Vaults:2 | 34750 ||| FLEEEEING.
 34767 | Vaults:2 | 34767 ||| INVOKING Heroism.
 34775 | Vaults:2 | Received a gift from Okawaru
 34781 | Vaults:2 | Reached skill level 17 in Fighting
 34984 | Vaults:2 | 34984 ||| INVOKING Heroism.
 34990 | Vaults:2 | Received a gift from Okawaru
 35025 | Vaults:2 | 35025 ||| INVOKING Finesse.
 35026 | Vaults:2 | 35026 ||| INVOKING Finesse.
 35027 | Vaults:2 | 35027 ||| INVOKING Heroism.
 35152 | Vaults:2 | 35152 ||| Stepping ~*~*~tactically~*~*~ (hiding).
 35167 | Vaults:2 | 35167 ||| INVOKING Heroism.
 35170 | Vaults:2 | 35170 ||| Stepping ~*~*~tactically~*~*~ (hiding).
 35298 | Vaults:2 | 35298 ||| READING scroll of acquirement.
 35298 | Vaults:2 | 35298 ||| ACQUIRING +2 cloak of Eternal Night {Harm rElec
                  | rPois rF-}
 35298 | Vaults:2 | Acquired the +2 cloak of Eternal Night {Harm rElec rPois
                  | rF-}
 35384 | Vaults:2 | Found a transporter.
 35418 | Vaults:2 | 35418 ||| INVOKING Heroism.
 35459 | Vaults:2 | Reached skill level 15 in Armour
 35496 | Vaults:2 | 35496 ||| INVOKING Heroism.
 35521 | Vaults:2 | Received a gift from Okawaru
 35664 | Vaults:2 | Found Terhoom's Assorted Antiques.
 35714 | Vaults:2 | Found a transporter.
 35821 | Vaults:3 | Noticed an Ice Fiend
 35821 | Vaults:3 | 35821 ||| INVOKING Heroism.
 35822 | Vaults:3 | 35822 ||| INVOKING Finesse.
 35951 | Vaults:3 | 35951 ||| Stepping ~*~*~tactically~*~*~ (hiding).
 35959 | Vaults:3 | 35959 ||| INVOKING Heroism.
 36139 | Vaults:3 | 36139 ||| Stepping ~*~*~tactically~*~*~ (stealth).
 36141 | Vaults:3 | 36141 ||| Stepping ~*~*~tactically~*~*~ (stealth).
 36143 | Vaults:3 | 36143 ||| Stepping ~*~*~tactically~*~*~ (stealth).
 36145 | Vaults:3 | 36145 ||| INVOKING Heroism.
 36146 | Vaults:3 | 36146 ||| Stepping ~*~*~tactically~*~*~ (stealth).
 36155 | Vaults:3 | Identified the +1 chain mail of Lynes {rC+ Int+2} (Okawaru
                  | gifted it to you on level 3 of the Vaults)
 36155 | Vaults:3 | Received a gift from Okawaru
 36156 | Vaults:3 | Reached XP level 20. HP: 147/147 MP: 25/27
 36221 | Vaults:3 | 36221 ||| INVOKING Heroism.
 36248 | Vaults:3 | 36248 ||| Stepping ~*~*~tactically~*~*~ (stealth).
 36255 | Vaults:3 | 36255 ||| Stepping ~*~*~tactically~*~*~ (hiding).
 36513 | Vaults:3 | 36513 ||| INVOKING Heroism.
 36541 | Vaults:3 | 36541 ||| READING 17 scrolls of teleportation.
 36612 | Vaults:3 | 36612 ||| Stepping ~*~*~tactically~*~*~ (hiding).
 36657 | Vaults:3 | 36657 ||| Stepping ~*~*~tactically~*~*~ (hiding).
 36665 | Vaults:3 | 36665 ||| Stepping ~*~*~tactically~*~*~ (hiding).
 36666 | Vaults:3 | 36666 ||| Stepping ~*~*~tactically~*~*~ (hiding).
 36669 | Vaults:3 | 36669 ||| Stepping ~*~*~tactically~*~*~ (hiding).
 36832 | Vaults:3 | 36832 ||| INVOKING Heroism.
 36912 | Vaults:3 | 36912 ||| INVOKING Heroism.
 37004 | Vaults:3 | 37004 ||| INVOKING Heroism.
 37098 | Vaults:3 | Reached skill level 18 in Fighting
 37196 | Vaults:3 | Identified the +6 arbalest "Eheochimo" {freeze, +Blink}
 37396 | Vaults:3 | 37396 ||| Stepping ~*~*~tactically~*~*~ (hiding).
 37459 | Vaults:3 | 37459 ||| Stepping ~*~*~tactically~*~*~ (hiding).
 37462 | Vaults:3 | 37462 ||| Stepping ~*~*~tactically~*~*~ (hiding).
 37522 | Vaults:3 | 37522 ||| Stepping ~*~*~tactically~*~*~ (stealth).
 37526 | Vaults:3 | 37526 ||| INVOKING Heroism.
 37617 | Vaults:3 | 37617 ||| Stepping ~*~*~tactically~*~*~ (hiding).
 37620 | Vaults:3 | 37620 ||| Stepping ~*~*~tactically~*~*~ (hiding).
 37746 | Vaults:3 | 37746 ||| STAIRDANCE
 37756 | Vaults:2 | Received a gift from Okawaru
 37912 | Vaults:4 | 37912 ||| STAIRDANCE
 37919 | Vaults:4 | 37919 ||| STAIRDANCE
 37956 | Vaults:4 | 37956 ||| STAIRDANCE
 38084 | Vaults:4 | 38084 ||| READING scroll of acquirement.
 38084 | Vaults:4 | 38084 ||| ACQUIRING 966 gold pieces
 38084 | Vaults:4 | Acquired 966 gold pieces
 38089 | Vaults:4 | 38089 ||| INVOKING Heroism.
 38099 | Vaults:4 | Received a gift from Okawaru
 38205 | Vaults:4 | 38205 ||| Stepping ~*~*~tactically~*~*~ (stealth).
 38227 | Vaults:4 | 38227 ||| Stepping ~*~*~tactically~*~*~ (stealth).
 38307 | Vaults:4 | 38307 ||| Stepping ~*~*~tactically~*~*~ (stealth).
 38309 | Vaults:4 | 38309 ||| Stepping ~*~*~tactically~*~*~ (stealth).
 38310 | Vaults:4 | 38310 ||| Stepping ~*~*~tactically~*~*~ (stealth).
 38321 | Vaults:4 | 38321 ||| INVOKING Heroism.
 38349 | Vaults:4 | 38349 ||| Stepping ~*~*~tactically~*~*~ (hiding).
 38386 | Vaults:4 | 38386 ||| Stepping ~*~*~tactically~*~*~ (stealth).
 38387 | Vaults:4 | 38387 ||| Stepping ~*~*~tactically~*~*~ (stealth).
 38395 | Vaults:4 | 38395 ||| INVOKING Heroism.
 38425 | Vaults:4 | Reached skill level 6 in Dodging
 38643 | Vaults:4 | 38643 ||| Stepping ~*~*~tactically~*~*~ (hiding).
 38656 | Vaults:4 | 38656 ||| Stepping ~*~*~tactically~*~*~ (hiding).
 38661 | Vaults:4 | 38661 ||| INVOKING Heroism.
 38669 | Vaults:4 | Received a gift from Okawaru
 38756 | Vaults:4 | 38756 ||| Stepping ~*~*~tactically~*~*~ (hiding).
 38911 | Vaults:4 | 38911 ||| Stepping ~*~*~tactically~*~*~ (hiding).
 38912 | Vaults:4 | 38912 ||| Stepping ~*~*~tactically~*~*~ (hiding).
 39031 | Vaults:4 | 39031 ||| Stepping ~*~*~tactically~*~*~ (hiding).
 39049 | Vaults:4 | Reached XP level 21. HP: 133/156 MP: 28/28
 39050 | Vaults:4 | Received a gift from Okawaru
 39050 | Vaults:4 | Found the +14 obsidian axe {vorpal, Mesm Drain Fly SInv}
 39129 | Vaults:4 | Found Jog Corageyr's Assorted Antiques.
 39136 | Vaults:4 | 39136 ||| BUYING potion of heal wounds (215 gold).
 39136 | Vaults:4 | Bought a potion of heal wounds for 215 gold pieces
 39186 | Vaults:4 | 39186 ||| Stepping ~*~*~tactically~*~*~ (hiding).
 39193 | Vaults:4 | 39193 ||| Stepping ~*~*~tactically~*~*~ (stealth).
 39194 | Vaults:4 | 39194 ||| Stepping ~*~*~tactically~*~*~ (stealth).
 39198 | Vaults:4 | 39198 ||| INVOKING Heroism.
 39199 | Vaults:4 | 39199 ||| Stepping ~*~*~tactically~*~*~ (hiding).
 39531 | Vaults:4 | 39531 ||| PLANNING SHOALS:4
 39872 | Shoals:4 | Entered Level 4 of the Shoals
 39909 | Shoals:4 | 39909 ||| INVOKING Heroism.
 39911 | Shoals:4 | 39911 ||| INVOKING Finesse.
 39920 | Shoals:4 | Reached skill level 19 in Fighting
 39992 | Shoals:4 | 39992 ||| Stepping ~*~*~tactically~*~*~ (stealth).
 40047 | Shoals:4 | 40047 ||| Stepping ~*~*~tactically~*~*~ (stealth).
 40060 | Shoals:4 | 40060 ||| INVOKING Heroism.
 40070 | Shoals:4 | 40070 ||| INVOKING Finesse.
 40114 | Shoals:4 | 40114 ||| INVOKING Finesse.
 40121 | Shoals:4 | HP: 39/158 [merfolk impaler/+4 trident of protection (10)]
 40122 | Shoals:4 | 40122 ||| READING 16 scrolls of teleportation.
 40124 | Shoals:4 | 40124 ||| DRINKING 8 potions of heal wounds.
 40437 | Shoals:4 | 40437 ||| Stepping ~*~*~tactically~*~*~ (stealth).
 40530 | Shoals:4 | Got a barnacled rune of Zot
 40541 | Shoals:4 | 40541 ||| Stepping ~*~*~tactically~*~*~ (stealth).
 40542 | Shoals:4 | 40542 ||| Stepping ~*~*~tactically~*~*~ (stealth).
 40544 | Shoals:4 | 40544 ||| Stepping ~*~*~tactically~*~*~ (hiding).
 40547 | Shoals:4 | 40547 ||| INVOKING Heroism.
 40548 | Shoals:4 | 40548 ||| INVOKING Finesse.
 40605 | Shoals:4 | 40605 ||| INVOKING Heroism.
 40666 | Shoals:4 | Received a gift from Okawaru
 41055 | Shoals:4 | 41055 ||| READING scroll of enchant armour.
 41055 | Shoals:4 | 41055 ||| ENCHANTING +1 pair of boots.
 41182 | Shoals:4 | 41182 ||| PLANNING DEPTHS
 41182 | Shoals:4 | 41182 ||| DROPPING amulet of magic regeneration.
 41492 | Depths:1 | Entered Level 1 of the Depths
 41523 | Depths:1 | 41523 ||| Stepping ~*~*~tactically~*~*~ (hiding).
 41524 | Depths:1 | 41524 ||| Stepping ~*~*~tactically~*~*~ (hiding).
 41532 | Depths:1 | 41532 ||| INVOKING Heroism.
 41557 | Depths:1 | 41557 ||| Stepping ~*~*~tactically~*~*~ (hiding).
 41673 | Depths:1 | 41673 ||| INVOKING Heroism.
 41674 | Depths:1 | 41674 ||| INVOKING Finesse.
 41675 | Depths:1 | 41675 ||| READING 15 scrolls of teleportation.
 41753 | Depths:1 | 41753 ||| INVOKING Heroism.
 41853 | Depths:1 | 41853 ||| INVOKING Heroism.
 41854 | Depths:1 | 41854 ||| INVOKING Finesse.
 41954 | Depths:1 | 41954 ||| INVOKING Heroism.
 42086 | Depths:1 | Found a corrupted altar of Lugonu.
 42088 | Depths:1 | Found a one-way gate to the infinite horrors of the Abyss.
 42157 | Depths:1 | Found a transporter.
 42160 | Depths:1 | Noticed Qiwept's ghost (veteran BaIE)
 42160 | Depths:1 | Noticed a dread lich
 42161 | Depths:1 | Found a transporter.
 42163 | Depths:1 | 42163 ||| INVOKING Heroism.
 42164 | Depths:1 | Noticed an ancient lich
 42188 | Depths:1 | 42188 ||| Stepping ~*~*~tactically~*~*~ (hiding).
 42290 | Depths:1 | 42290 ||| Stepping ~*~*~tactically~*~*~ (hiding).
 42430 | Depths:1 | Found a gateway to Hell.
 42639 | Depths:1 | 42639 ||| INVOKING Heroism.
 42659 | Depths:1 | 42659 ||| Stepping ~*~*~tactically~*~*~ (stealth).
 42672 | Depths:1 | 42672 ||| Stepping ~*~*~tactically~*~*~ (stealth).
 42684 | Depths:1 | Received a gift from Okawaru
 42827 | Depths:1 | 42827 ||| Stepping ~*~*~tactically~*~*~ (stealth).
 42836 | Depths:1 | Found a one-way gate leading to the halls of Pandemonium.
 42857 | Depths:1 | 42857 ||| Stepping ~*~*~tactically~*~*~ (stealth).
 43076 | Depths:2 | 43076 ||| INVOKING Heroism.
 43078 | Depths:2 | 43078 ||| STAIRDANCE
 43089 | Depths:2 | 43089 ||| STAIRDANCE
 43099 | Depths:2 | 43099 ||| STAIRDANCE
 43109 | Depths:2 | 43109 ||| STAIRDANCE
 43120 | Depths:2 | 43120 ||| Stepping ~*~*~tactically~*~*~ (hiding).
 43125 | Depths:2 | 43125 ||| INVOKING Heroism.
 43137 | Depths:2 | Received a gift from Okawaru
 43180 | Depths:2 | Received a gift from Okawaru
 43232 | Depths:2 | 43232 ||| FLEEEEING.
 43233 | Depths:2 | 43233 ||| FLEEEEING.
 43234 | Depths:2 | 43234 ||| FLEEEEING.
 43235 | Depths:2 | 43235 ||| FLEEEEING.
 43236 | Depths:2 | 43236 ||| FLEEEEING.
 43237 | Depths:2 | 43237 ||| STAIRDANCE
 43359 | Depths:2 | 43359 ||| Stepping ~*~*~tactically~*~*~ (stealth).
 43361 | Depths:2 | Received a gift from Okawaru
 43365 | Depths:2 | 43365 ||| Stepping ~*~*~tactically~*~*~ (hiding).
 43367 | Depths:2 | 43367 ||| Stepping ~*~*~tactically~*~*~ (hiding).
 43422 | Depths:2 | 43422 ||| Stepping ~*~*~tactically~*~*~ (stealth).
 43433 | Depths:2 | 43433 ||| INVOKING Heroism.
 43446 | Depths:2 | Reached skill level 20 in Fighting
 43636 | Depths:2 | 43636 ||| INVOKING Heroism.
 43637 | Depths:2 | 43637 ||| INVOKING Finesse.
 43677 | Depths:2 | 43677 ||| Stepping ~*~*~tactically~*~*~ (stealth).
 43688 | Depths:2 | 43688 ||| Stepping ~*~*~tactically~*~*~ (stealth).
 43723 | Depths:2 | 43723 ||| Stepping ~*~*~tactically~*~*~ (hiding).
 43728 | Depths:2 | 43728 ||| Stepping ~*~*~tactically~*~*~ (hiding).
 44031 | Depths:3 | 44031 ||| INVOKING Finesse.
 44033 | Depths:3 | 44033 ||| Stepping ~*~*~tactically~*~*~ (stealth).
 44036 | Depths:3 | Noticed a golden dragon
 44037 | Depths:3 | 44037 ||| INVOKING Heroism.
 44043 | Depths:3 | 44043 ||| Stepping ~*~*~tactically~*~*~ (hiding).
 44050 | Depths:3 | 44050 ||| Stepping ~*~*~tactically~*~*~ (hiding).
 44051 | Depths:3 | 44051 ||| Stepping ~*~*~tactically~*~*~ (hiding).
 44069 | Depths:3 | Killed a golden dragon
 44230 | Depths:3 | 44230 ||| INVOKING Heroism.
 44244 | Depths:3 | Reached XP level 22. HP: 167/167 MP: 27/29
 44344 | Depths:3 | 44344 ||| INVOKING Heroism.
 44360 | Depths:3 | 44360 ||| INVOKING Finesse.
 44415 | Depths:3 | 44415 ||| INVOKING Heroism.
 44455 | Depths:3 | Noticed a golden dragon
 44456 | Depths:3 | 44456 ||| Stepping ~*~*~tactically~*~*~ (hiding).
 44460 | Depths:3 | 44460 ||| INVOKING Heroism.
 44461 | Depths:3 | 44461 ||| INVOKING Finesse.
 44466 | Depths:3 | Killed a golden dragon
 44481 | Depths:3 | 44481 ||| INVOKING Heroism.
 44487 | Depths:3 | Reached skill level 18 in Armour
 44547 | Depths:3 | 44547 ||| Stepping ~*~*~tactically~*~*~ (stealth).
 44564 | Depths:3 | 44564 ||| Stepping ~*~*~tactically~*~*~ (stealth).
 44586 | Depths:3 | 44586 ||| Stepping ~*~*~tactically~*~*~ (stealth).
 44589 | Depths:3 | 44589 ||| Stepping ~*~*~tactically~*~*~ (hiding).
 44590 | Depths:3 | 44590 ||| Stepping ~*~*~tactically~*~*~ (hiding).
 44591 | Depths:3 | 44591 ||| INVOKING Heroism.
 44592 | Depths:3 | 44592 ||| Stepping ~*~*~tactically~*~*~ (hiding).
 44596 | Depths:3 | 44596 ||| Stepping ~*~*~tactically~*~*~ (hiding).
 44610 | Depths:3 | 44610 ||| Stepping ~*~*~tactically~*~*~ (hiding).
 44611 | Depths:3 | 44611 ||| Stepping ~*~*~tactically~*~*~ (hiding).
 44612 | Depths:3 | 44612 ||| Stepping ~*~*~tactically~*~*~ (hiding).
 44625 | Depths:3 | Reached skill level 21 in Shields
 44764 | Depths:3 | 44764 ||| INVOKING Heroism.
 44777 | Depths:3 | Received a gift from Okawaru
 44908 | Depths:3 | 44908 ||| INVOKING Heroism.
 45136 | Depths:3 | 45136 ||| INVOKING Finesse.
 45137 | Depths:3 | 45137 ||| INVOKING Heroism.
 45139 | Depths:3 | 45139 ||| STAIRDANCE
 45148 | Depths:3 | 45148 ||| STAIRDANCE
 45167 | Depths:3 | 45167 ||| STAIRDANCE
 45187 | Depths:3 | 45187 ||| Stepping ~*~*~tactically~*~*~ (stealth).
 45189 | Depths:3 | 45189 ||| Stepping ~*~*~tactically~*~*~ (stealth).
 45299 | Depths:3 | 45299 ||| Stepping ~*~*~tactically~*~*~ (stealth).
 45304 | Depths:3 | 45304 ||| Stepping ~*~*~tactically~*~*~ (stealth).
 45349 | Depths:3 | 45349 ||| FLEEEEING.
 45350 | Depths:3 | 45350 ||| FLEEEEING.
 45351 | Depths:3 | 45351 ||| FLEEEEING.
 45352 | Depths:3 | 45352 ||| FLEEEEING.
 45357 | Depths:3 | 45357 ||| FLEEEEING.
 45358 | Depths:3 | 45358 ||| FLEEEEING.
 45361 | Depths:3 | 45361 ||| STAIRDANCE
 45446 | Depths:3 | 45446 ||| INVOKING Heroism.
 45449 | Depths:3 | Noticed a juggernaut
 45450 | Depths:3 | 45450 ||| INVOKING Finesse.
 45459 | Depths:3 | Received a gift from Okawaru
 45473 | Depths:3 | Killed a juggernaut
 45549 | Depths:3 | 45549 ||| Stepping ~*~*~tactically~*~*~ (hiding).
 45569 | Depths:3 | 45569 ||| Stepping ~*~*~tactically~*~*~ (hiding).
 45591 | Depths:3 | Received a gift from Okawaru
 45624 | Depths:3 | 45624 ||| Stepping ~*~*~tactically~*~*~ (hiding).
 45712 | Depths:3 | 45712 ||| Stepping ~*~*~tactically~*~*~ (stealth).
 45726 | Depths:3 | Reached skill level 21 in Fighting
 45832 | Depths:3 | 45832 ||| Stepping ~*~*~tactically~*~*~ (stealth).
 45833 | Depths:3 | 45833 ||| Stepping ~*~*~tactically~*~*~ (stealth).
 46041 | Depths:3 | 46041 ||| INVOKING Heroism.
 46071 | Depths:3 | 46071 ||| DROPPING +4 ring of protection.
 46154 | Depths:2 | Found a runed translucent door.
 46216 | Depths:4 | Entered Level 4 of the Depths
 46223 | Depths:4 | 46223 ||| Stepping ~*~*~tactically~*~*~ (hiding).
 46224 | Depths:4 | 46224 ||| Stepping ~*~*~tactically~*~*~ (hiding).
 46226 | Depths:4 | 46226 ||| INVOKING Heroism.
 46274 | Depths:4 | 46274 ||| INVOKING Finesse.
 46293 | Depths:4 | 46293 ||| INVOKING Heroism.
 46381 | Depths:4 | Found a one-way gateway to a ziggurat.
 46443 | Depths:4 | 46443 ||| INVOKING Heroism.
 46456 | Depths:4 | Reached skill level 12 in Throwing
 46467 | Depths:4 | Received a gift from Okawaru
 46766 | Depths:4 | Noticed a caustic shrike
 46767 | Depths:4 | 46767 ||| Stepping ~*~*~tactically~*~*~ (hiding).
 46769 | Depths:4 | Noticed a caustic shrike
 46769 | Depths:4 | Noticed a caustic shrike
 46770 | Depths:4 | Noticed a caustic shrike
 46770 | Depths:4 | 46770 ||| INVOKING Heroism.
 46771 | Depths:4 | 46771 ||| INVOKING Finesse.
 46794 | Depths:4 | Killed a caustic shrike
 46803 | Depths:4 | Killed a caustic shrike
 46807 | Depths:4 | Killed a caustic shrike
 46807 | Depths:4 | Received a gift from Okawaru
 46816 | Depths:4 | Killed a caustic shrike
 46830 | Depths:4 | 46830 ||| Stepping ~*~*~tactically~*~*~ (hiding).
 46847 | Depths:4 | 46847 ||| Stepping ~*~*~tactically~*~*~ (hiding).
 46978 | Depths:4 | 46978 ||| READING scroll of enchant armour.
 46978 | Depths:4 | 46978 ||| ENCHANTING +0 cloak.
 47024 | Depths:4 | 47024 ||| INVOKING Heroism.
 47146 | Depths:4 | Found a gate to the Realm of Zot.
 47147 | Depths:4 | 47147 ||| INVOKING Heroism.
 47160 | Depths:4 | Reached XP level 23. HP: 146/176 MP: 28/30
 47302 | Depths:4 | 47302 ||| INVOKING Heroism.
 47646 | Depths:4 | 47646 ||| INVOKING Heroism.
 47694 | Depths:4 | 47694 ||| INVOKING Heroism.
 47713 | Depths:4 | HP: 40/176 [white draconian stormcaller/divine providence
                  | (13)]
 47714 | Depths:4 | 47714 ||| READING 19 scrolls of teleportation.
 47715 | Depths:4 | 47715 ||| DRINKING 10 potions of heal wounds.
 47718 | Depths:4 | 47718 ||| DRINKING 9 potions of heal wounds.
 48293 | Depths:4 | 48293 ||| INVOKING Heroism.
 48343 | Depths:4 | 48343 ||| PLANNING VAULTS:5
 48343 | Depths:4 | 48343 ||| DROPPING +3 hat of Chimes {rElec Regen+ Str-3
                  | Int+4}.
 48344 | Depths:4 | 48344 ||| DROPPING ring of fire.
 48672 | Vaults:5 | Entered Level 5 of the Vaults
 48673 | Vaults:5 | 48673 ||| INVOKING Heroism.
 48674 | Vaults:5 | 48674 ||| STAIRDANCE
 48691 | Vaults:5 | 48691 ||| STAIRDANCE
 48718 | Vaults:5 | 48718 ||| STAIRDANCE
 48722 | Vaults:4 | 48722 ||| INVOKING Heroism.
 48731 | Vaults:4 | Reached skill level 22 in Fighting
 48861 | Vaults:5 | 48861 ||| INVOKING Heroism.
 48881 | Vaults:5 | 48881 ||| STAIRDANCE
 48893 | Vaults:4 | 48893 ||| INVOKING Heroism.
 49101 | Vaults:5 | 49101 ||| STAIRDANCE
 49103 | Vaults:4 | 49103 ||| INVOKING Heroism.
 49143 | Vaults:5 | Found the +3 salamander hide armour {Flames rF++ rC--}
 49144 | Vaults:5 | 49144 ||| Stepping ~*~*~tactically~*~*~ (hiding).
 49146 | Vaults:5 | 49146 ||| Stepping ~*~*~tactically~*~*~ (hiding).
 49147 | Vaults:5 | 49147 ||| Stepping ~*~*~tactically~*~*~ (hiding).
 49148 | Vaults:5 | 49148 ||| INVOKING Heroism.
 49346 | Vaults:5 | 49346 ||| READING scroll of enchant armour.
 49346 | Vaults:5 | 49346 ||| ENCHANTING +1 cloak.
 49459 | Vaults:5 | 49459 ||| INVOKING Heroism.
 49477 | Vaults:5 | Noticed a dread lich
 49484 | Vaults:5 | Killed a dread lich
 49484 | Vaults:5 | Received a gift from Okawaru
 49534 | Vaults:5 | Got a silver rune of Zot
 49601 | Vaults:5 | 49601 ||| INVOKING Heroism.
 49619 | Vaults:5 | 49619 ||| INVOKING Heroism.
 49801 | Vaults:5 | 49801 ||| INVOKING Heroism.
 49844 | Vaults:5 | 49844 ||| INVOKING Heroism.
 49913 | Vaults:5 | 49913 ||| INVOKING Heroism.
 50022 | Vaults:5 | Identified the +10 quarterstaff of Vanity {drain, *Noise
                  | +Blink rPois Str+8}
 50072 | Vaults:5 | 50072 ||| Stepping ~*~*~tactically~*~*~ (stealth).
 50127 | Vaults:5 | 50127 ||| INVOKING Heroism.
 50195 | Vaults:5 | 50195 ||| INVOKING Heroism.
 50282 | Vaults:5 | 50282 ||| INVOKING Heroism.
 50305 | Vaults:5 | 50305 ||| Stepping ~*~*~tactically~*~*~ (hiding).
 50407 | Vaults:5 | 50407 ||| Stepping ~*~*~tactically~*~*~ (hiding).
 50410 | Vaults:5 | Noticed an ancient lich
 50410 | Vaults:5 | 50410 ||| Stepping ~*~*~tactically~*~*~ (stealth).
 50411 | Vaults:5 | 50411 ||| Stepping ~*~*~tactically~*~*~ (hiding).
 50414 | Vaults:5 | 50414 ||| INVOKING Heroism.
 50433 | Vaults:5 | Killed an ancient lich
 50541 | Vaults:5 | 50541 ||| INVOKING Heroism.
 50754 | Vaults:5 | 50754 ||| INVOKING Heroism.
 50791 | Vaults:5 | 50791 ||| Stepping ~*~*~tactically~*~*~ (stealth).
 50792 | Vaults:5 | 50792 ||| Stepping ~*~*~tactically~*~*~ (stealth).
 50793 | Vaults:5 | 50793 ||| Stepping ~*~*~tactically~*~*~ (stealth).
 50794 | Vaults:5 | 50794 ||| Stepping ~*~*~tactically~*~*~ (stealth).
 50796 | Vaults:5 | 50796 ||| Stepping ~*~*~tactically~*~*~ (stealth).
 50983 | Vaults:5 | 50983 ||| Stepping ~*~*~tactically~*~*~ (stealth).
 51014 | Vaults:5 | Noticed a golden dragon
 51015 | Vaults:5 | 51015 ||| Stepping ~*~*~tactically~*~*~ (hiding).
 51019 | Vaults:5 | 51019 ||| INVOKING Heroism.
 51020 | Vaults:5 | 51020 ||| INVOKING Finesse.
 51024 | Vaults:5 | Killed a golden dragon
 51119 | Vaults:5 | Found the +8 storm bow {elec, penet}
 51144 | Vaults:5 | 51144 ||| INVOKING Heroism.
 51157 | Vaults:5 | Identified the +6 hand axe of Blood-Lust {flame, *Noise rN+
                  | Str+9 Dex+4}
 51193 | Vaults:5 | Reached XP level 24. HP: 157/185 MP: 30/30
 51329 | Vaults:5 | 51329 ||| Stepping ~*~*~tactically~*~*~ (stealth).
 51331 | Vaults:5 | 51331 ||| Stepping ~*~*~tactically~*~*~ (hiding).
 51334 | Vaults:5 | 51334 ||| INVOKING Heroism.
 51362 | Vaults:5 | Identified the +1 robe "Peofutz" {rF+}
 51484 | Vaults:5 | 51484 ||| PLANNING SHOPPING SPREE
 51484 | Vaults:5 | 51484 ||| DROPPING +2 pair of boots.
 51485 | Vaults:5 | 51485 ||| DROPPING +2 cloak of Eternal Night {Harm rElec
                  | rPois rF-}.
 51486 | Vaults:5 | 51486 ||| DROPPING +2 helmet of intelligence.
 51487 | Vaults:5 | 51487 ||| DROPPING +0 cloak of preservation.
 51488 | Vaults:5 | 51488 ||| UPGRADING to +0 helmet of see invisible.
 51524 | Vaults:5 | 51524 ||| Stepping ~*~*~tactically~*~*~ (hiding).
 51851 | D:2      | 51851 ||| BUYING shiny helmet (202 gold).
 51851 | D:2      | Bought a shiny helmet for 202 gold pieces
 51851 | D:2      | 51851 ||| DROPPING +0 helmet of see invisible.
 51852 | D:2      | 51852 ||| PLANNING ZOT:1-4
 52204 | Zot:1    | Entered Level 1 of the Realm of Zot
 52294 | Zot:1    | 52294 ||| Stepping ~*~*~tactically~*~*~ (stealth).
 52301 | Zot:1    | Received a gift from Okawaru
 52341 | Zot:1    | 52341 ||| Stepping ~*~*~tactically~*~*~ (hiding).
 52342 | Zot:1    | 52342 ||| Stepping ~*~*~tactically~*~*~ (hiding).
 52343 | Zot:1    | 52343 ||| Stepping ~*~*~tactically~*~*~ (hiding).
 52345 | Zot:1    | 52345 ||| INVOKING Heroism.
 52423 | Zot:1    | 52423 ||| INVOKING Heroism.
 52510 | Zot:1    | 52510 ||| INVOKING Heroism.
 52662 | Zot:1    | 52662 ||| Stepping ~*~*~tactically~*~*~ (hiding).
 52671 | Zot:1    | Reached skill level 23 in Fighting
 52678 | Zot:1    | Received a gift from Okawaru
 52681 | Zot:1    | 52681 ||| Stepping ~*~*~tactically~*~*~ (hiding).
 52682 | Zot:1    | 52682 ||| INVOKING Heroism.
 53065 | Zot:1    | 53065 ||| INVOKING Heroism.
 53114 | Zot:1    | 53114 ||| Stepping ~*~*~tactically~*~*~ (stealth).
 53115 | Zot:1    | 53115 ||| Stepping ~*~*~tactically~*~*~ (stealth).
 53398 | Zot:2    | 53398 ||| INVOKING Heroism.
 53410 | Zot:2    | Received a gift from Okawaru
 53416 | Zot:2    | Reached skill level 9 in Dodging
 53497 | Zot:2    | 53497 ||| FLEEEEING.
 53498 | Zot:2    | 53498 ||| FLEEEEING.
 53499 | Zot:2    | 53499 ||| FLEEEEING.
 53507 | Zot:2    | 53507 ||| STAIRDANCE
 53587 | Zot:2    | Found a runed translucent gate.
 53587 | Zot:2    | Found a runed translucent gate.
 53588 | Zot:2    | Found a runed translucent gate.
 53588 | Zot:2    | Found an opulent altar of Gozag.
 53589 | Zot:2    | Noticed Cyqimiab's ghost (legendary MfGl)
 53731 | Zot:2    | 53731 ||| Stepping ~*~*~tactically~*~*~ (hiding).
 53774 | Zot:2    | 53774 ||| Stepping ~*~*~tactically~*~*~ (stealth).
 54021 | Zot:2    | Identified the +1 pair of boots of Winter {Harm rC+ Will+
                  | Str-4 Int+2} (Okawaru gifted it to you on level 2 of the
                  | Realm of Zot)
 54021 | Zot:2    | Received a gift from Okawaru
 54117 | Zot:2    | 54117 ||| INVOKING Heroism.
 54161 | Zot:2    | 54161 ||| INVOKING Heroism.
 54380 | Zot:2    | 54380 ||| INVOKING Heroism.
 54410 | Zot:2    | Reached skill level 24 in Fighting
 54736 | Zot:2    | 54736 ||| Stepping ~*~*~tactically~*~*~ (hiding).
 54746 | Zot:2    | 54746 ||| INVOKING Heroism.
 55041 | Zot:2    | 55041 ||| INVOKING Heroism.
 55145 | Zot:3    | 55145 ||| INVOKING Heroism.
 55161 | Zot:3    | Identified the ring "Xianexem" {Ice *Corrode rPois rN++
                  | Stlth+}
 55161 | Zot:3    | Noticed Josephina
 55184 | Zot:3    | HP: 33/190 [Josephina/staff of cold (37)]
 55185 | Zot:3    | 55185 ||| READING 22 scrolls of teleportation.
 55185 | Zot:3    | HP: 15/190 [Josephina/staff of cold (18)]
 55186 | Zot:3    | 55186 ||| DRINKING 8 potions of heal wounds.
 55187 | Zot:3    | 55187 ||| DRINKING 7 potions of heal wounds.
 55188 | Zot:3    | 55188 ||| DRINKING 6 potions of heal wounds.
 55189 | Zot:3    | 55189 ||| DRINKING 5 potions of heal wounds.
 55191 | Zot:3    | HP: 42/190 [storm dragon simulacrum[Josephina] (8)]
 55191 | Zot:3    | HP: 19/190 [storm dragon simulacrum[Josephina] (23)]
 55192 | Zot:3    | 55192 ||| DRINKING 4 potions of heal wounds.
 55196 | Zot:3    | 55196 ||| DRINKING 3 potions of heal wounds.
 55200 | Zot:3    | HP: 14/190 [Josephina/staff of cold (34)]
 55201 | Zot:3    | 55201 ||| DRINKING 2 potions of heal wounds.
 55202 | Zot:3    | 55202 ||| DRINKING potion of heal wounds.
 55204 | Zot:3    | 55204 ||| READING 21 scrolls of teleportation.
 55205 | Zot:3    | 55205 ||| INVOKING Heroism.
 55220 | Zot:3    | Noticed Jofris Vesimp's ghost (legendary GnFE)
 55563 | Zot:3    | 55563 ||| INVOKING Heroism.
 55574 | Zot:3    | 55574 ||| Stepping ~*~*~tactically~*~*~ (hiding).
 55593 | Zot:3    | Reached skill level 21 in Armour
 55610 | Zot:3    | 55610 ||| INVOKING Heroism.
 55635 | Zot:3    | Reached XP level 25. HP: 90/195 MP: 30/30
 55651 | Zot:3    | Killed Josephina
 55661 | Zot:3    | 55661 ||| STAIRDANCE
 56039 | Zot:3    | 56039 ||| INVOKING Heroism.
 56162 | Zot:3    | Found a runed translucent gate.
 56164 | Zot:3    | Found a runed translucent gate.
 56166 | Zot:3    | Found a runed translucent gate.
 56377 | Zot:3    | 56377 ||| INVOKING Heroism.
 56463 | Zot:3    | 56463 ||| INVOKING Heroism.
 56679 | Zot:3    | 56679 ||| Stepping ~*~*~tactically~*~*~ (hiding).
 56780 | Zot:3    | 56780 ||| INVOKING Heroism.
 56796 | Zot:3    | Received a gift from Okawaru
 56993 | Zot:3    | 56993 ||| Stepping ~*~*~tactically~*~*~ (hiding).
 57007 | Zot:3    | 57007 ||| INVOKING Heroism.
 57039 | Zot:3    | Received a gift from Okawaru
 57040 | Zot:3    | 57040 ||| Stepping ~*~*~tactically~*~*~ (hiding).
 57236 | Zot:3    | 57236 ||| Stepping ~*~*~tactically~*~*~ (hiding).
 57238 | Zot:3    | 57238 ||| INVOKING Heroism.
 57292 | Zot:3    | 57292 ||| Stepping ~*~*~tactically~*~*~ (cloud).
 57406 | Zot:3    | 57406 ||| FLEEEEING.
 57608 | Zot:3    | 57608 ||| INVOKING Heroism.
 57621 | Zot:3    | Reached skill level 25 in Fighting
 57698 | Zot:3    | 57698 ||| READING 20 scrolls of teleportation.
 57702 | Zot:3    | 57702 ||| Stepping ~*~*~tactically~*~*~ (hiding).
 57703 | Zot:3    | 57703 ||| Stepping ~*~*~tactically~*~*~ (hiding).
 57748 | Zot:3    | 57748 ||| READING 19 scrolls of teleportation.
 57757 | Zot:3    | 57757 ||| INVOKING Heroism.
 57873 | Zot:3    | 57873 ||| INVOKING Heroism.
 57888 | Zot:3    | 57888 ||| Stepping ~*~*~tactically~*~*~ (hiding).
 58061 | Zot:3    | 58061 ||| READING 18 scrolls of teleportation.
 58123 | Zot:3    | 58123 ||| READING 17 scrolls of teleportation.
 58134 | Zot:3    | 58134 ||| INVOKING Heroism.
 58271 | Zot:3    | 58271 ||| INVOKING Heroism.
 58554 | Zot:4    | 58554 ||| INVOKING Heroism.
 58610 | Zot:4    | HP: 45/199 [green draconian monk[a white draconian
                  | stormcaller] (5)]
 58611 | Zot:4    | 58611 ||| READING 16 scrolls of teleportation.
 58615 | Zot:4    | HP: 24/199 [white draconian/+0 halberd (1)]
 58617 | Zot:4    | Received a gift from Okawaru
 58623 | Zot:4    | HP: 20/199 [??? (4)]
 58628 | Zot:4    | Killed from afar by a white draconian

Levels and vault maps discovered:
D:1:      dpeg_arrival_fog, layout_basic, chequers_garden
D:2:      layout_loops_corners, serial_shops, nicolae_shop_advertising_works
          [nicolae_subvault_shop_adworks], basic_ecumenical_altar
D:3:      layout_loops_ring, slow_altar_1, okawaru_gym_becter
D:4:      nicolae_BIG_FREAKIN_CUBE, layout_basic,
          gammafunk_temple_overflow_statue, minmay_cut_off, uniq_pikel
D:5:      layout_loops_ring, hex_large
D:6:      layout_cave_pools, riverfiend_overflow_shadow_ancestor,
          nicolae_kikubaaqudgha_miasma_corner, uniq_crazy_yiuf_cottage
D:7:      layout_basic, temple_doors_e, uniq_duvessa
D:8:      layout_basic, kennysheep_mini_moat, lair_entry_dummy
D:9:      minmay_the_grid_4x2 [minmay_the_grid_holed_spiral, minmay_the_grid_x,
          minmay_the_grid_paths, minmay_the_grid_dragon_b,
          minmay_the_grid_dragon_a, minmay_the_grid_odd_star,
          minmay_the_grid_square_x, minmay_the_grid_prize_big_room],
          layout_basic, nemelex_spade_bored_becter,
          mainiacjoe_overflow_small_starburst
D:10:     layout_roguey, ebering_ghost_xom, chequers_serial_rivers_micro_c
D:11:     kennysheep_ambush_hall, layout_basic, lightli_elemental_guards
D:12:     layout_basic, david_orc_5, minivault_21, uniq_nessos, uniq_azrael
D:13:     layout_basic, david_vaults_2, enter_trove_0, lightli_minifort
D:14:     layout_basic, minmay_misc_feat_tower
D:15:     grunt_enter_depths_magical_seal, layout_loops_ring, dk_noncrumbling_3,
          dreamdust_princess_corridor, dreamdust_wasp_nest, uniq_roxanne,
          uniq_kirke, uniq_louise
Lair:1:   layout_chaotic_city, lemuel_fruit_fields
Lair:2:   layout_long_grid, dummy_snake_entry, gammafunk_ghost_abyssal_escape,
          chequers_serial_rivers_small_a
Lair:3:   layout_cave_pods, elwin_shoals_entry_rocks, uniq_fannar
Lair:4:   layout_long_grid, minmay_stone_trees_small,
          cheibrodos_lair_caveside_slide, grunt_megastairs_1,
          lemuel_fruit_fields
Lair:5:   grunt_lair_end_beastmaster, layout_gridlike,
          minmay_slime_entry_pillars, grunt_megastairs_2, uniq_urug
Shoals:1: layout_shoals
Shoals:2: layout_shoals, nicolae_shoals_stone_sculpture_thing,
          nicolae_shoals_lost_giant_baths
Shoals:3: cheibrodos_shoals_satyrical_garden, layout_shoals,
          ebering_ghost_reflecting_pool, uniq_mlioglotl
Shoals:4: shoals_end_grunt_garden, layout_shoals
Snake:1:  layout_chambers, portal_ice_cave_entry_ice_simulacra,
          nicolae_snake_bzzzt, uniq_aizul
Snake:2:  layout_onion_interference
Snake:3:  layout_chambers, serial_shops, nicolae_shop_trees,
          serial_bayou_shore_b, minmay_shop_star, nicolae_triple_integral
Snake:4:  grunt_snake_rune_pools, layout_cave_town, serial_shops,
          shop_fountains, minmay_shop_grove, grunt_megastairs_5,
          serial_bayou_shore_a, lemuel_fruit_tree
Orc:1:    layout_caves
Orc:2:    st_orc_mages, layout_caves, basic_altar, gammafunk_ghost_necromancy,
          uniq_donald, uniq_rupert, uniq_snorg
Vaults:1: v_misc_32, nicolae_vaults_twisting_passages, v_misc_1, v_misc_9,
          vaults_mumra_lcd, v_pattern_5, grunt_vaults_focal,
          hangedman_vaults_stagger, nicolae_vaults_theta,
          nicolae_vaults_rhombus_6, ontoclasm_vaults_shuriken,
          layout_vaults_omnigrid, serial_shops, bzr_entry_islet
Vaults:2: vaults_room_pool, nicolae_vaults_gold_heap, hangedman_vaults_maws,
          vaults_dpeg_cross, gammafunk_the_bubble [the_bubble_gammafunk_grid],
          vaults_room_boxed, v_misc_26, hangedman_vaults_variations,
          minmay_crypt_entry_simple_corners, hangedman_vaults_locks,
          vaults_standard_mumra_enter_the_diamond, layout_vaults_omnibox,
          serial_shops, shop_statue
Vaults:3: dpeg_vaults_monster_box, v_alt_pattern_2, st_spiral_rooms,
          hangedman_vaults_cutoff, ontoclasm_vaults_ligature,
          vaults_dpeg_diagonal, nicolae_vaults_windows_and_doors_thing,
          hangedman_vaults_restitches, nicolae_vaults_bisected_exclaves,
          vaults_room_pools, nicolae_vaults_shelves_hall,
          layout_vaults_omnicross
Vaults:4: hangedman_vaults_impose, vaults_room_ringed_pool,
          grunt_vaults_hallway_short, hangedman_vaults_maws, v_misc_18,
          v_pattern_2, hangedman_vaults_trim, vaults_room_large_hall,
          grunt_vaults_hallway_short, vaults_room_fancy_cross,
          hangedman_vaults_cutoff, nicolae_vaults_mini_display_case,
          vaults_room_glass_cross, nicolae_vaults_angled_halls,
          nicolae_vaults_asterisk, layout_vaults_maze_snakey, serial_shops,
          nicolae_shop_waterfront
Vaults:5: serial_shops
Depths:1: layout_gridlike, gammafunk_ghost_mausoleum,
          pf_vacation_house_of_asmodeus, abyss_entry_flame_altar,
          nicolae_concentric_dashed_squares_mild, rand_demon_pan_entry_1,
          roderic_serpentine_path, kennysheep_generic_room_16
Depths:2: minmay_gate_of_8, layout_twisted_cross, pan_entry,
          nicolae_hell_entry_hellmouth_sunbeams, minmay_staircase_bubble
Depths:3: minmay_chopped_fan, layout_honeycomb, abyss_entry_glasseish,
          grunt_pan_entry_in_and_out, hangedman_coc_ice_floe,
          nicolae_elevator_lobby_plus
Depths:4: evilmike_zot_entry_argh, layout_cave_pools, enter_ziggurat_c,
          minmay_strange_pillars, grunt_pan_entry_zigzag, hell_entry
Zot:1:    layout_basic
Zot:2:    layout_gridville, ebering_ghost_gozag
Zot:3:    kennysheep_spiral_hall, layout_onion_interference,
          gammafunk_ghost_split, st_stairs_13, zot_minivault_4, uniq_josephina
Zot:4:    layout_cathedral_of_symmetry

Skill      XL: |  1  2  3  4  5  6  7  8  9 10 11 12 13 14 15 16 17 18 19 20 21 22 23 24 25 |
---------------+----------------------------------------------------------------------------+-----
Axes           | 2 3 4 5 8 9 11 12 14 16 18 | 18.0
Throwing       | 1 2 4 5 7 8 9 10 11 12 13 14 | 14.0
Fighting       | 4 5 7 8 10 11 12 13 15 17 18 20 21 22 24 25 | 25.0
Dodging        | 2 3 4 5 6 7 8 9 |  9.0
Invocations    | 3 4 5 9 10 | 10.0
Armour         | 5 7 8 10 11 12 13 15 16 17 19 20 21 22 | 22.0
Shields        | 4 5 6 7 13 17 18 19 20 21 22 | 22.0

Action                   |  1- 3 |  4- 6 |  7- 9 | 10-12 | 13-15 | 16-18 | 19-21 | 22-24 | 25-27 || total
-------------------------+-------+-------+-------+-------+-------+-------+-------+-------+-------++-------
Melee: War axe           |   130 |    50 |   144 |   241 |    85 |       |       |       |       ||   650
       Morningstar       |       |       |       |    30 |    13 |       |       |       |       ||    43
       Broad axe         |       |       |       |       |   857 |  1407 |  1682 |  1814 |   422 ||  6182
Throw: Boomerang         |       |    29 |    67 |    53 |    95 |    20 |       |       |       ||   264
       Javelin           |       |       |       |    13 |    68 |    54 |    95 |   136 |    16 ||   382
Invok: Heroism           |       |     1 |    16 |    21 |    28 |    41 |    44 |    56 |    12 ||   219
       Finesse           |       |       |       |     4 |    12 |     8 |    10 |     7 |       ||    41
  Use: Scroll            |     5 |     6 |     6 |     9 |     7 |       |     6 |     5 |     5 ||    49
       Potion            |       |     1 |     6 |     1 |     2 |       |     1 |    10 |       ||    21
 Stab: Distracted        |       |       |     2 |     2 |     6 |       |       |       |       ||    10
       Petrified         |       |       |       |    10 |       |       |       |       |       ||    10
       Petrifying        |       |       |       |     1 |     1 |       |       |       |       ||     2
       Confused          |       |       |       |       |       |       |       |     1 |       ||     1
Armor: Scale mail        |    73 |    32 |    22 |       |       |       |       |       |       ||   127
       Chain mail        |       |       |    32 |     3 |   102 |   311 |   434 |   653 |   192 ||  1727
       Plate armour      |       |       |       |   151 |   158 |       |       |       |       ||   309
Dodge: Dodged            |    63 |    21 |    35 |    70 |   174 |   194 |   183 |   324 |    91 ||  1155
Block: Buckler           |    29 |     8 |    17 |    42 |   176 |       |       |       |       ||   272
       Reflection        |       |       |       |       |    33 |   153 |    89 |    28 |     1 ||   304
       Tower shield      |       |       |       |       |    88 |  1190 |  1235 |  1406 |   397 ||  4316
       Kite shield       |       |       |       |       |    53 |       |       |       |       ||    53

Table legend:
 A = Non-vault XP
 B = Vault XP
 C = Vault XP percentage of total XP
 D = Non-vault monster count
 E = Vault monster count
 F = Vault count percentage of total count
                 A         B        C        D         E       F
            +---------+---------+-------+---------+---------+-------
      Total |  668214 |  385709 |  36.6 |    1205 |     571 |  32.2
            +---------+---------+-------+---------+---------+-------
        D:1 |      47 |       0 |   0.0 |      30 |       0 |   0.0
        D:2 |      45 |       0 |   0.0 |      15 |       0 |   0.0
        D:3 |      45 |      43 |  48.9 |      11 |       1 |   8.3
        D:4 |     279 |     718 |  72.0 |      21 |       3 |  12.5
        D:5 |     608 |       0 |   0.0 |      21 |       0 |   0.0
        D:6 |     631 |       0 |   0.0 |      13 |       0 |   0.0
        D:7 |     903 |     207 |  18.6 |      13 |       2 |  13.3
        D:8 |    1253 |       0 |   0.0 |      34 |       0 |   0.0
        D:9 |    3155 |    7047 |  69.1 |      30 |      19 |  38.8
       D:10 |    1168 |       0 |   0.0 |      17 |       0 |   0.0
       D:11 |    5366 |    2503 |  31.8 |      19 |       8 |  29.6
       D:12 |    4746 |    4714 |  49.8 |      13 |      30 |  69.8
       D:13 |    8399 |    2742 |  24.6 |      18 |       8 |  30.8
       D:14 |    5767 |       0 |   0.0 |      22 |       0 |   0.0
       D:15 |   13752 |   10195 |  42.6 |      24 |      22 |  47.8
     Lair:1 |    3568 |       0 |   0.0 |      19 |       0 |   0.0
     Lair:2 |    2497 |       0 |   0.0 |       9 |       0 |   0.0
     Lair:3 |    6844 |     876 |  11.3 |      25 |       1 |   3.8
     Lair:4 |    4522 |    1411 |  23.8 |      10 |       3 |  23.1
     Lair:5 |   10456 |   13082 |  55.6 |      23 |      32 |  58.2
   Shoals:1 |   12633 |       0 |   0.0 |      24 |       0 |   0.0
   Shoals:2 |   16289 |       0 |   0.0 |      30 |       0 |   0.0
   Shoals:3 |   23907 |    5512 |  18.7 |      48 |       7 |  12.7
   Shoals:4 |    9122 |   16755 |  64.7 |      24 |      30 |  55.6
    Snake:1 |   13952 |    5557 |  28.5 |      26 |      16 |  38.1
    Snake:2 |   14876 |       0 |   0.0 |      32 |       0 |   0.0
    Snake:3 |    9095 |       0 |   0.0 |      21 |       0 |   0.0
    Snake:4 |   11787 |   31038 |  72.5 |      24 |      49 |  67.1
      Orc:1 |    1723 |       0 |   0.0 |      24 |       0 |   0.0
      Orc:2 |    2848 |    9001 |  76.0 |      36 |      45 |  55.6
   Vaults:1 |   39500 |   16491 |  29.5 |      52 |      20 |  27.8
   Vaults:2 |   35372 |   27842 |  44.0 |      48 |      35 |  42.2
   Vaults:3 |   28531 |   27991 |  49.5 |      44 |      39 |  47.0
   Vaults:4 |   25704 |   40316 |  61.1 |      40 |      44 |  52.4
   Vaults:5 |   13092 |   82274 |  86.3 |      20 |      72 |  78.3
   Depths:1 |   24437 |    3188 |  11.5 |      32 |       7 |  17.9
   Depths:2 |   25696 |    9627 |  27.3 |      29 |      13 |  31.0
   Depths:3 |   49708 |   23550 |  32.1 |      54 |      24 |  30.8
   Depths:4 |   42955 |   16501 |  27.8 |      37 |      19 |  33.9
      Zot:1 |   44165 |       0 |   0.0 |      41 |       0 |   0.0
      Zot:2 |   46716 |       0 |   0.0 |      43 |       0 |   0.0
      Zot:3 |   82850 |   26528 |  24.3 |      74 |      22 |  22.9
      Zot:4 |   19205 |       0 |   0.0 |      15 |       0 |   0.0
            +---------+---------+-------+---------+---------+-------
